 Dungeon Crawl Stone Soup version 0.31.0-4-g52a2dc7128 (webtiles) character file.

Game seed: 8864969379669774505

64024843 Sergey the Archmage (level 27, 297/297 HPs)
             Began as a Human Earth Elementalist on Jan 20, 2024.
             Was the Champion of Cheibriados.
             Escaped with the Orb
             ... and 15 runes
             ... and 8 gems on Jan 21, 2024!
             The game lasted 08:45:41 (22776 turns).

Sergey the Archmage (Human Earth Elementalist)     Turns: 22776, Time: 08:45:42

Health: 297/297    AC: 37    Str: 26    XL:     27
Magic:  54/54      EV: 51    Int: 42    God:    Cheibriados [******]
Gold:   5092       SH: 21    Dex: 36    Spells: 26/80 levels left

rFire   + + +        w - +3 Elemental Staff {ele, rElec rF+ rC+ AC+3}
rCold   + + +        a - +2 kite shield {AC+3}
rNeg    + + +        H - melded +2 robe {rC+ rF+}
rPois   ∞            l - +4 hat of Ifugehih {rC+ Will+}
rElec   +            I - scarf {rC+ rF+}
rCorr   .            s - melded +2 pair of gloves {infuse}
SInv    .            (boots currently unavailable)
Will    ++++.        D - amulet of Vitality {RegenMP++ Regen++}
Stlth   +++          V - ring of the Hare {EV+10}
HPRegen 2.29/turn    m - ring "Meyxuofe" {Fly rN++ Will+ Dex+5}
MPRegen 1.14/turn

%: random rage (3%)
@: statue-form, flying, studying 2 skills, very slow
A: slow and powerful, torment resistance 1, boosted hp, explore regen, thin
skeletal structure 1, berserk 1, fire resistance 1, screaming 1, subdued magic 1
0: Orb of Zot
}: 15/15 runes: decaying, slimy, silver, golden, iron, obsidian, icy, bone,
abyssal, demonic, glowing, magical, fiery, dark, gossamer
a: Begin Untransformation, Renounce Religion, Bend Time, Temporal Distortion,
Slouch, Step From Time


You escaped.
You worshipped Cheibriados.
Cheibriados was exalted by your worship.
You were a living statue of rough stone.
You visited 18 branches of the dungeon, and saw 86 of its levels.
You visited Pandemonium 2 times, and saw 25 of its levels.
You visited the Abyss 1 time.
You visited 1 ziggurat, and saw 17 of its levels.
You also visited: Ice Cave, Volcano and Desolation.

You collected 8173 gold pieces.
You spent 3081 gold pieces at shops.

Inventory:

Hand Weapons
 u - a +2 dagger of distortion {!w}
 w - the +3 Elemental Staff (weapon) {ele, rElec rF+ rC+ AC+3}
   (You bought it in a shop on level 2 of the Orcish Mines)

   AC+3:      It affects your AC (+3).
   rF+:       It protects you from fire.
   rC+:       It protects you from cold.
   rElec:     It insulates you from electricity.
Missiles
 y - a throwing net
Armour
 a - a +2 kite shield of protection (worn)
 l - the +4 hat of Ifugehih (worn) {rC+ Will+}
   (You found it on level 4 of the Vaults)

   rC+:       It protects you from cold.
   Will+:     It increases your willpower.
 p - the +3 pair of gauntlets of War {Slay+5}
   (You found it on level 9 of a ziggurat)

   Slay+5:    It affects your accuracy & damage with ranged weapons and melee
   (+5).
 s - a +2 pair of gloves of infusion (melded)
 x - a +1 buckler of fire resistance
 H - a +2 robe of resistance (melded)
 I - a scarf of resistance (worn)
 P - a +2 pair of boots of flying
Magical Staves
 e - the staff of Laceration {+Blink rF+ rN+ Necro}
   (You found it on level 5 of the Pits of Slime)

   [staff of death]

   Base accuracy: +5 Base damage: 5 Base attack delay: 1.2 This weapon's minimum
   attack delay (0.6) is reached at skill level 12.
   rF+:       It protects you from fire.
   rN+:       It protects you from negative energy.
   +Blink:    It lets you blink.
   Necro:     It increases the power of your Necromancy spells.
   It falls into the 'Staves' category.
   It is a one-handed weapon.
Jewellery
 d - the ring of Filaan {rC+ Will+}
   (You took it off a deep elf death mage on level 3 of the Elven Halls)

   [ring of willpower]

   rC+:       It protects you from cold.
   Will+:     It increases your willpower.
 m - the ring "Meyxuofe" (right fist) {Fly rN++ Will+ Dex+5}
   (You found it on level 5 of the Pits of Slime)

   [ring of flight]

   Dex+5:     It affects your dexterity (+5).
   rN++:      It greatly protects you from negative energy.
   Will+:     It increases your willpower.
   Fly:       It grants you flight.
 q - a +6 ring of intelligence
 D - the amulet of Vitality (around neck) {RegenMP++ Regen++}
   (You found it on level 13 of a ziggurat)

   [amulet of magic regeneration]

   RegenMP:   It increases your rate of magic regeneration.
   Regen++:   It increases your rate of health regeneration.
 L - the ring "Amebrir" {rElec rN++ rCorr Str-4 Stlth+}
   (You found it on level 5 of the Pits of Slime)

   [ring of resist corrosion]

   Str-4:     It affects your strength (-4).
   rElec:     It insulates you from electricity.
   rN++:      It greatly protects you from negative energy.
   rCorr:     It protects you from acid and corrosion.
   Stlth+:    It makes you more stealthy.
 M - a ring of wizardry
 O - the ring "Tiuxkuxe" {rPois rF+++ rC- rN+ Will+}
   (You found it on level 5 of the Lair of Beasts)

   [ring of positive energy]

   rF+++:     It renders you almost immune to fire.
   rC-:       It makes you vulnerable to cold.
   rPois:     It protects you from poison rN+: It protects you from negative
   energy.
   Will+:     It increases your willpower.
 Q - the macabre finger necklace {Finger+ rN+}
   (You found it on level 12 of a ziggurat)

   [amulet of nothing]

   Finger+:   It enables you to equip an extra ring.
   rN+:       It protects you from negative energy.
 V - the ring of the Hare (left fist) {EV+10}
   (You took it off a deep elf sorcerer on level 5 of the Vaults)

   [ring of evasion]

   EV+10:     It affects your evasion (+10).
Talismans
 Z - a granite talisman (active)
Wands
 c - a wand of quicksilver (24)
 i - a wand of iceblast (25)
 Y - a wand of mindburst (55)
Scrolls
 j - 2 scrolls of teleportation {@r3}
 r - 2 scrolls of immolation
 t - 7 scrolls of fear
 A - a scroll of fog {@r2}
 C - 7 scrolls of enchant armour
 G - 2 scrolls of blinking {@r4}
 J - a scroll of enchant weapon
 U - a scroll of vulnerability {!r}
Potions
 b - 7 potions of magic
 f - 3 potions of heal wounds {@q1}
 g - 5 potions of cancellation
 o - 2 potions of brilliance
 z - 8 potions of mutation
 B - 6 potions of curing {@q2}
 F - 9 potions of might {@q3}
 K - 6 potions of enlightenment
 N - 6 potions of lignification
 T - 8 potions of resistance
Miscellaneous
 h - a phial of floods
 n - a figurine of a ziggurat
 R - a lightning rod (4/4)
 W - the horn of Geryon
 X - a phantom mirror


   Skills:
 + Level 21.4 Fighting
 + Level 21.4 Dodging
 + Level 17.3 Stealth
 + Level 17.0 Shields
 - Level 15.0 Unarmed Combat
 O Level 27 Spellcasting
 - Level 5.0 Conjurations
 - Level 7.0 Necromancy
 - Level 6.0 Translocations
 - Level 16.4 Fire Magic
 - Level 22.0 Ice Magic
 - Level 3.0 Air Magic
 - Level 7.0 Earth Magic
 - Level 5.0 Alchemy
 - Level 15.0 Invocations
 - Level 15.0 Evocations
 - Level 16.0 Shapeshifting


You had 26 spell levels left.
You knew the following spells:

 Your Spells              Type           Power      Damage    Failure   Level
a - Borgnjor's Vile Clut  Necr/Erth      46%        N/A       1%          5
b - Polar Vortex          Ice            67%        12d9*     3%          9
d - Dispel Undead         Necr           73%        3d24      1%          4
g - Sublimation of Blood  Necr           73%        N/A       0%          2
h - Passwall              Erth           93%        N/A       1%          3
j - Apportation           Tloc           100%       N/A       0%          1
l - Passage of Golubria   Tloc           70%        N/A       1%          4
m - Ignition              Fire           61%        3d16      1%          8
o - Ozocubu's Refrigerat  Ice            67%        4d22      1%          7
r - Irradiate             Conj/Alch      33%        3d22      1%          5
z - Bombard               Conj/Erth      44%        9d8       3%          6

Your spell library contained the following spells:

 Spells                   Type           Power      Damage    Failure   Level
 Freeze                   Ice            100%       1d10      0%          1
 Kiss of Death            Conj/Necr      100%       2d13      0%          1
 Necrotise                Necr           100%       1d9       0%          1
 Sandblast                Erth           100%       2d20      0%          1
 Ensorcelled Hibernation  Hex/Ice        100%       N/A       0%          2
 Scorch                   Fire           100%       2d9       0%          2
 Frozen Ramparts          Ice            100%       1d16      0%          3
 Hailstorm                Conj/Ice       100%       3d16      0%          3
 Ozocubu's Armour         Ice            100%       N/A       0%          3
 Volatile Blastmotes      Fire/Tloc      100%       2d18      0%          3
 Shock                    Conj/Air       100%       1d9       1%          1
 Slow                     Hex            100%       N/A       1%          1
 Sting                    Conj/Alch      100%       1d9       1%          1
 Summon Small Mammal      Summ           100%       N/A       1%          1
 Call Imp                 Summ           86%        N/A       1%          2
 Cigotuvi's Dreadful Rot  Necr/Alch/Air  100%       N/A       1%          2
 Lesser Beckoning         Tloc           100%       N/A       1%          2
 Mercury Vapours          Alch/Air       100%       N/A       1%          2
 Static Discharge         Conj/Air       100%       3-8/arc   1%          2
 Confusing Touch          Hex            43%        N/A       1%          3
 Dazzling Flash           Conj/Hex       100%       N/A       1%          3
 Fugue of the Fallen      Necr           73%        N/A       1%          3
 Gell's Gravitas          Tloc           70%        N/A       1%          3
 Inner Flame              Hex/Fire       98%        N/A       1%          3
 Mephitic Cloud           Conj/Alch/Air  82%        N/A       1%          3
 Stone Arrow              Conj/Erth      100%       3d13      1%          3
 Teleport Other           Tloc           70%        N/A       1%          3
 Airstrike                Air            38%        2d(6-22)  1%          4
 Anguish                  Hex/Necr       30%        N/A       1%          4
 Animate Armour           Summ/Erth      100%       N/A       1%          4
 Animate Dead             Necr           73%        N/A       1%          4
 Brom's Barrelling Bould  Conj/Erth      89%        2d10      1%          4
 Dimensional Bullseye     Hex/Tloc       29%        N/A       1%          4
 Flame Wave               Conj/Fire      100%       2d21      1%          4
 Ignite Poison            Fire/Alch      100%       N/A       1%          4
 Leda's Liquefaction      Alch/Erth      44%        N/A       1%          4
 Manifold Assault         Tloc           70%        N/A       1%          4
 Martyr's Knell           Necr/Summ      60%        N/A       1%          4
 Petrify                  Alch/Erth      89%        N/A       1%          4
 Sticky Flame             Fire/Alch      100%       2d15      1%          4
 Summon Blazeheart Golem  Fire/Summ      98%        N/A       1%          4
 Summon Lightning Spire   Summ/Air       68%        N/A       1%          4
 Vhi's Electric Charge    Tloc/Air       100%       N/A       1%          4
 Alistair's Intoxication  Alch           44%        N/A       1%          5
 Arcjolt                  Conj/Air       40%        1d50      1%          5
 Fireball                 Conj/Fire      53%        3d21      1%          5
 Freezing Cloud           Conj/Ice/Air   63%        6-21      1%          5
 Iskenderun's Battlesphe  Conj           66%        2d12      1%          5
 Metabolic Englaciation   Hex/Ice        53%        N/A       1%          5
 Summon Forest            Summ/Tloc      29%        N/A       1%          5
 Plasma Beam              Fire/Air       63%        2x1d79    1%          6
 Sculpt Simulacrum        Ice/Alch       57%        N/A       1%          6
 Starburst                Conj/Fire      53%        6d14      1%          6
 Cause Fear               Hex            21%        N/A       2%          4
 Yara's Violent Unravell  Hex/Alch       28%        3d12      2%          5
 Death Channel            Necr           36%        N/A       2%          6
 Dispersal                Tloc           35%        N/A       3%          6
 Silence                  Hex/Air        34%        N/A       4%          5
 Eringya's Noxious Bog    Alch           33%        4d6       5%          6
 Summon Mana Viper        Hex/Summ       43%        N/A       8%          5
 Summon Cactus Giant      Summ           21%        N/A       43%         6
 Haunt                    Necr/Summ      30%        N/A       52%         7
 Malign Gateway           Summ/Tloc      29%        N/A       61%         7
 Spellforged Servitor     Conj/Summ      28%        N/A       67%         7
 Infestation              Necr           36%        N/A       75%         8
 Disjunction              Tloc           35%        N/A       87%         8
 Lehudib's Crystal Spear  Conj/Erth      44%        10d11     87%         8
 Summon Hydra             Summ           21%        N/A       95%         7
 Maxwell's Capacitive Co  Air            38%        ∞         99%         8
 Summon Horrible Things   Summ           21%        N/A       100%        8
 Chain Lightning          Conj/Air       40%        3d54      100%        9
 Dragon's Call            Summ           21%        N/A       100%        9


Dungeon Overview and Level Annotations

Branches:
Dungeon (15/15)            Temple (1/1) D:5            Lair (5/5) D:8
  Swamp (4/4) Lair:3       Spider (4/4) Lair:3        Slime (5/5) Lair:5
    Orc (2/2) D:9             Elf (3/3) Orc:2        Vaults (5/5) D:14
  Crypt (3/3) Vaults:2       Tomb (3/3) Crypt:3      Depths (4/4) D:15
   Hell (visited)             Dis (7/7) Hell            Geh (7/7) Hell
    Coc (7/7) Hell            Tar (7/7) Hell            Zot (5/5) Depths:4
  IceCv (visited)         Volcano (visited)         Desolation (visited)

Altars:
Ashenzari
Cheibriados
Dithmenos
Elyvilon
Fedhas
Gozag
Kikubaaqudgha
Makhleb
Nemelex Xobeh
Okawaru
Qazlal
Ru
Sif Muna
Trog
Vehumet
Wu Jian
Xom
Yredelemnul
Zin
The Shining One
Jiyva
Lugonu

Shops:
D:3 ([?(   D:5 [   D:7 *   Orc:1 (((:   Orc:2 [([(*((*:

Portals:
Hell: Depths:1 Depths:2
Abyss: Depths:2 Depths:3
Pandemonium: Depths:2

Annotations:
D:3 Grinder
D:9 3 transporters
D:11 5 exclusions, Snorg
D:13 Urug
D:15 1 exclusion
Lair:1 7 exclusions
Elf:1 1 exclusion
Vaults:2 !amulet in the vault
Vaults:4 Dacon's ghost, adept MiGl
Depths:4 1 exclusion
Dis:7 Dispater; Serpent of
Hell
Geh:7 Asmodeus
Coc:7 Antaeus
Tar:7 Ereshkigal
Zot:2 2 transporters, Jofris Vesimp's ghost, legendary GnFE
Zot:4 exclusion: oklob plant
Zot:5 3 runed translucent doors, Juzit's ghost, legendary GnFi


Innate Abilities, Weirdness & Mutations

You are a living statue of rough stone.
Your actions are slow, but your melee attacks are powerful.
You are resistant to unholy torment.
Your maximum health is greatly increased.
Your equipment is partially melded.
You are immune to poison.
You regain HP and MP as you explore.
You have a somewhat thin skeletal structure. (Dex +2, Stealth+)
You sometimes lose your temper in combat.
Your flesh is heat resistant. (rF+)
You occasionally shout uncontrollably at your foes.
Your spells are a little easier to cast, but a little less powerful.


Message History

You finish merging with the rock.
Blink to where?
Press: ? - help, Dir - move target
As you read the scroll of blinking {@r4}, it crumbles to dust.
The shadow demon croaks.
The shadow demon gestures.
Casting: Passwall (safe; 1% risk of failure)
Confirm with . or Enter, or press ? or * to list all spells.
Aiming: Passwall (safe; 1% risk of failure)
Press: ? - help, Dir - move target A rock wall.
This square is covered in magical glow.
You feel a surge of power!
You begin to meditate on the wall.
You continue meditating on the rock.
The ribbon worm expels a string of sticky webbing.
You block the stream of webbing.
You continue meditating on the rock.
You block the ribbon worm's attack.
You continue meditating on the rock.
You block the shadow demon's attack. You block the ribbon worm's attack.
You block the shadow demon's attack.
You finish merging with the rock.
There is a stone staircase leading up here.
You fly upwards.
There is a stone staircase leading down here.
Blink to where?
Press: ? - help, Dir - move target
As you read the scroll of blinking {@r4}, it crumbles to dust.
Blink to where?
Press: ? - help, Dir - move target
As you read the scroll of blinking {@r4}, it crumbles to dust.
Blink to where?
Press: ? - help, Dir - move target
As you read the scroll of blinking {@r4}, it crumbles to dust.
Unknown command.
Unknown command.
Unknown command.
Unknown command.
Unknown command.
You have escaped!

#.........#####.....#.^.###..
#......>......##...##...###.#
#####.........###.§'###'#.......#
...........#### ##.## #.....##.##
#####......# #..#####...#♣.♣♣
#.#.......# #####..# #...♣♣.P.
##.......).# ##...#'.# #..♣♣♣♣.♣
...........# #.....#.# #..♣P..P.
##.#.......# #..8..#.⌠# ###♣♣..P.
...#.......# #.....#...#


♣.PPP ...........# ##...#+##.# ♣♣♣♣♣ ######.##### ##### .# ###♣♣♣♣ .......## .#
#...... ........# #...... ........# #.....♣ ........# #.....♣ ).......# #.[....
There were no monsters in sight!

Vanquished Creatures
  Cerebov (Pan)
  the Royal Jelly (Slime:5)
  Gloorx Vloq (Pan)
  Mnoleg (Pan)
  13 dread liches
  Khufu (Tomb:3)
  6 orbs of fire (Zot:5)
  6 ancient liches
  5 pandemonium lords
  2 juggernauts
  Parghit (Zot:2)
  13 royal mummies
  2 Killer Klowns (Zot:5)
  4 shard shrikes (Coc:7)
  3 curse toes
  21 caustic shrikes
  Geryon (Hell)
  3 profane servitors
  Jory (Vaults:3)
  3 golden dragons
  14 bone dragons
  4 pearl dragons (Zig:10)
  2 electric golems
  9 hellephants
  5 Tzitzimimeh
  5 iron giants
  13 doom hounds
  15 Brimstone Fiends
  14 tentacled monstrosities
  19 Hell Sentinels
  18 tainted leviathans
  23 Orb Guardians (Zot:5)
  A shard shrike skeleton (Crypt:2)
  6 liches
  17 Ice Fiends
  A deep elf master archer (Elf:3)
  3 quicksilver dragons
  Asterion (Vaults:3)
  A deep elf blademaster (Elf:3)
  14 Executioners
  7 titans
  2 tentacled starspawn
  An eldritch tentacle (Pan)
  10 sphinxes
  13 acid blobs
  21 ancient champions
  15 searing wretches
  3 thorn hunters
  9 death cobs
  Kirke (Spider:1)
  Donald (Swamp:3)
  7 tengu reavers
  Aizul (Spider:1)
  8 storm dragons
  4 draconian monks
  Roxanne (Swamp:2)
  7 shadow dragons
  7 demonspawn warmongers
  2 daevas
  12 revenants
  9 frost giants
  11 narguns
  3 nagarajas
  12 fire giants
  12 azure jellies
  13 rockslimes
  4 draconian knights
  6 protean progenitors
  15 vault wardens
  16 quicksilver elementals
  2 deep elf elementalists (Elf:3)
  5 caustic shrike zombies
  2 draconian scorchers
  4 fenstrider witches
  7 deep elf sorcerers
  37 balrugs
  3 draconian shifters
  An orc warlord (Vaults:4)
  2 emperor scorpions
  8 draconian stormcallers
  8 curse skulls
  2 iron dragons
  8 shard shrike simulacra
  10 ghost moths
  3 spectral caustic shrikes
  5 caustic shrike skeletons (Pan)
  6 draconian annihilators
  32 cacodemons
  3 ghouls
  2 spriggan defenders
  4 angels
  22 reapers
  5 demonspawn corrupters
  4 ironbound thunderhulks
  12 demonspawn blood saints
  7 formless jellyfish
  18 quicksilver oozes
  13 stone giants
  3 juggernaut skeletons
  14 ironbound preservers
  4 ophanim
  A broodmother (Pan)
  28 very ugly things
  10 green draconians
  4 deep elf demonologists
  10 black draconians
  2 spectral titans (Tar:1)
  4 deep elf annihilators
  4 demonspawn black suns (Pan)
  12 putrid mouths
  13 purple draconians
  9 red draconians
  11 vampire knights
  4 eleionomae
  11 elemental wellsprings
  2 apis (Zig:10)
  10 deep elf death magi
  A rockslime zombie (Slime:5)
  12 wendigos
  A bunyip (Zig:6)
  13 yellow draconians
  14 bennus
  3 dire elephants (Zig:12)
  3 spark wasps
  8 white draconians
  10 lorocyprocas
  22 war gargoyles
  10 green deaths (Pan)
  3 crystal guardians
  24 blizzard demons
  24 eidola
  An acid blob zombie (Slime:5)
  A spectral quicksilver dragon (Tar:4)
  9 ettins
  7 iron golems
  A quicksilver dragon zombie (Vaults:5)
  9 deep elf high priests
  2 fire dragons
  23 mummy priests
  A jiangshi (Zig:16)
  10 yaktaur captains
  4 rakshasas
  4 spectral spriggans
  2 spriggan zombies
  A shambling mangrove (Swamp:4)
  A ragged hierophant (Desolation)
  3 entropy weavers
  3 hell beasts
  11 salamander tyrants
  A spectral golden dragon (Tar:1)
  2 servants of whispers (Desolation)
  6 caustic shrike simulacra
  14 vault guards (Vaults:5)
  11 great orbs of eyes
  6 spriggan air magi
  2 peacekeepers
  6 juggernaut simulacra
  9 hydras
  9 ice dragons
  3 jorogumos
  9 stokers
  3 spriggan skeletons
  3 merfolk aquamancers (Pan)
  5 centaur warriors
  2 ghost crabs
  13 ironbound frosthearts
  9 two-headed ogres
  3 catoblepae
  2 death knights
  A radroach (Spider:4)
  A fenstrider witch skeleton (Crypt:2)
  3 alligators
  An azure jelly zombie (Slime:5)
  4 ogre magi
  A titan zombie (Crypt:2)
  3 deep troll shamans
  12 vampire magi
  76 death scarabs
  5 death yaks
  2 tengu warriors
  5 deep troll earth magi
  16 hell hogs
  15 dancing weapons
  4 demonic crawlers
  2 naga sharpshooters (Zig:5)
  4 spriggan berserkers
  2 spectral dire elephants
  A storm dragon zombie (Vaults:5)
  2 occultists
  6 crystal echidnas
  25 soul eaters
  A spectral naga (Tar:1)
  2 hellephant skeletons (Pan)
  42 sun demons
  12 hell knights
  11 deep elf knights
  14 shadow wraiths
  2 titan skeletons
  25 sixfirhies (Pan)
  26 skeletal warriors
  10 goliath frogs
  A death drake (Swamp:4)
  A pharaoh ant (Spider:3)
  13 shadow demons
  5 skysharks
  A glowing orange brain (Depths:2)
  A quicksilver dragon simulacrum (Coc:6)
  An anaconda zombie (Tomb:3)
  4 iron trolls
  13 flayed ghosts
  A golden dragon skeleton (Tomb:3)
  2 mana vipers (Zig:5)
  A spriggan rider (Swamp:2)
  7 arcanists
  3 cherubim
  A spectral anaconda (Tar:3)
  A deep troll (shapeshifter) (Vaults:5)
  39 deep trolls
  4 steelbarb worms
  3 orange crystal statues
  5 spectral hydras (Swamp:4)
  5 bog bodies
  6 spriggan simulacra
  3 swamp dragons
  4 orb spiders
  7 sun moths
  A steelbarb worm (shapeshifter) (Vaults:2)
  3 obsidian statues
  8 deep elf archers
  21 phantasmal warriors
  6 necromancers
  Pikel (D:5)
  3 harpies (Vaults:3)
  7 lindwurms
  18 ironbound convokers
  An oklob plant (Lair:2)
  20 large abominations
  A spectral alligator (Swamp:4)
  29 deep elf zephyrmancers
  2 anaconda skeletons
  An iron dragon zombie (Vaults:5)
  3 wolf spiders
  14 cyclopes
  21 deep elf pyromancers
  25 ugly things
  3 human zombies
  An alligator zombie (Swamp:4)
  A manticore (D:15)
  A faun (shapeshifter) (Vaults:5)
  3 will-o-the-wisps
  4 shining eyes
  A shadow dragon skeleton (Crypt:2)
  A tengu skeleton (Crypt:2)
  A shining eye (shapeshifter) (Vaults:5)
  5 salamanders (Volcano)
  A spectral centaur (Tar:1)
  5 meliai
  A moth of wrath (shapeshifter) (Vaults:5)
  7 elephants
  2 ice statues
  24 moths of wrath
  An alligator skeleton (Crypt:1)
  An orc sorcerer (Elf:2)
  3 titan simulacra
  2 naga magi (Zig:4)
  A formless jellyfish zombie (Slime:5)
  16 molten gargoyles
  14 vault sentinels
  A stone giant skeleton (Hell)
  7 black mambas
  2 kobold blastminers
  A centaur skeleton (Crypt:2)
  A torpor snail (shapeshifter) (Vaults:5)
  2 torpor snails
  9 gargoyles
  40 smoke demons
  24 orange demons (Pan)
  8 rust devils
  36 yaktaurs
  2 yaktaur zombies (Vaults:5)
  14 rime drakes
  9 komodo dragons
  A kobold demonologist (D:11)
  25 tormentors
  27 hellions
  17 cane toads
  2 golden dragon simulacra (Coc:6)
  2 naga skeletons
  2 steelbarb worm zombies
  2 tengu conjurers
  A redback zombie (Spider:4)
  3 swamp worm zombies (Swamp:4)
  An efreet (D:13)
  4 freezing wraiths
  6 anaconda simulacra
  An alligator snapping turtle skeleton (Crypt:2)
  A bunyip simulacrum (Crypt:2)
  An iron troll zombie (Crypt:1)
  5 ice devils
  An iron giant simulacrum (Coc:7)
  4 spectral harpies
  A great orb of eyes zombie (Crypt:2)
  3 ancient zymes (Abyss:5)
  11 polar bears
  4 hydra zombies
  41 guardian mummies
  4 trolls
  An iron troll skeleton (Crypt:2)
  A queen bee (shapeshifter) (Elf:3)
  20 hellwings (Pan)
  A wind drake (shapeshifter) (Depths:3)
  An alligator simulacrum (Coc:1)
  2 harpy zombies
  A bloated husk (Swamp:4)
  A glass eye (shapeshifter) (Vaults:5)
  7 tyrant leeches
  2 raiju (shapeshifter)
  3 raiju (Abyss:5)
  A harpy skeleton (Crypt:2)
  A spectral swamp dragon (Swamp:4)
  9 hornets
  13 saltlings
  7 tarantellas
  A tarantella zombie (Spider:4)
  A blink frog (shapeshifter) (Elf:3)
  23 blink frogs
  An ettin zombie (Vaults:2)
  3 glass eyes
  A snapping turtle (shapeshifter) (Depths:3)
  3 air elementals
  48 slime creatures
  A spriggan (shapeshifter) (Elf:3)
  4 shadows (Crypt:3)
  2 centaur simulacra
  3 jumping spiders
  A stone giant simulacrum (Coc:3)
  An ice dragon skeleton (Crypt:2)
  6 culicivoras
  8 wyverns
  4 spriggans
  3 water elementals
  2 iron dragon simulacra
  40 yaks
  Eustachio (D:4)
  5 dire elephant simulacra
  9 ushabtiu
  15 ynoxinuls
  8 wraiths
  3 elf zombies
  2 slime creature zombies (Slime:5)
  4 fire elementals (Elf:2)
  6 hogs (Spider:1)
  6 starcursed masses (Abyss:5)
  3 basilisks
  6 golden eyes
  2 redbacks (shapeshifter)
  A steam dragon (D:7)
  11 chaos spawn
  18 neqoxecs
  9 vampire mosquitoes
  2 spatial vortices (Abyss:5)
  Edmund (D:5)
  24 redbacks
  16 harpy simulacra
  10 swamp worms
  A deep troll zombie (Crypt:2)
  A skyshark zombie (Crypt:2)
  A naga zombie (Tomb:3)
  2 hydra simulacra
  An acid dragon (D:6)
  An ogre zombie (Vaults:5)
  A two-headed ogre skeleton (Crypt:1)
  15 water moccasins
  A glowing shapeshifter skeleton (Depths:1)
  15 orc warriors
  4 black bears
  2 swamp dragon zombies
  A meliai simulacrum (D:14)
  4 ice beasts
  A black bear (shapeshifter) (Elf:3)
  A boggart (Vaults:4)
  A hornet zombie (Crypt:1)
  7 ogres
  14 laughing skulls
  21 wolves
  3 ettin simulacra
  6 centaurs
  5 phantoms
  4 kobold brigands
  Blork the orc (D:5)
  2 lemures (D:5)
  12 bullfrogs
  3 scorpions
  An earth elemental (Elf:1)
  3 gnoll sergeants
  4 naga simulacra
  16 wights
  12 killer bees
  5 howler monkeys
  6 electric eels
  A bullfrog zombie (Crypt:2)
  4 crimson imps (D:15)
  8 jellies
  A bombardier beetle (D:6)
  A gnoll bouda (D:4)
  9 hounds
  13 orc priests
  2 sleepcaps (D:6)
  Jessica (D:2)
  9 iguanas
  20 orc wizards
  Ijyb (D:5)
  35 mummies
  12 adders
  10 gnolls
  4 white imps
  2 dart slugs
  2 ribbon worms
  59 orcs
  10 endoplasms
  2 giant cockroaches
  5 goblins
  4 hobgoblins
  2 jackals (D:4)
  19 kobolds
  2 quokkas
  3 ball pythons
  6 bats
  A jackal skeleton (Crypt:2)
  A kobold zombie (Crypt:1)
  3 rats
  9 aspiring fleshes
  3 ball lightnings (Pan)
  2 butterflies
  7 creeping infernos
  14 fire vortices
  A foxfire (Zig:6)
  A starspawn tentacle (Abyss:5)
3191 creatures vanquished.

Vanquished Creatures (collateral kills)
  A pandemonium lord (Pan)
  Arachne (Spider:4)
  2 tentacled monstrosities
  A lich (Vaults:5)
  2 titans (Vaults:5)
  2 sphinxes (Vaults:5)
  8 acid blobs (Slime:5)
  3 quicksilver dragons (Vaults:5)
  2 Executioners (Pan)
  2 shadow dragons (Vaults:5)
  A storm dragon (Vaults:5)
  5 azure jellies
  2 fire giants (Vaults:5)
  A protean progenitor (Pan)
  A nargun (Coc:7)
  A rockslime (Slime:5)
  An emperor scorpion (Spider:4)
  2 deep elf sorcerers (Vaults:5)
  A frost giant (Vaults:5)
  4 vault wardens
  A ghost moth (Spider:4)
  A very ugly thing (Pan)
  A quicksilver ooze (Slime:5)
  An angel (Pan)
  5 formless jellyfish
  An ironbound thunderhulk (Vaults:2)
  A caustic shrike skeleton (Pan)
  2 stone giants (Vaults:5)
  A juggernaut skeleton (Pan)
  A deep elf death mage (Vaults:5)
  A spark wasp (Spider:4)
  A war gargoyle (Vaults:5)
  2 ettins (Vaults:5)
  4 entropy weavers (Spider:4)
  5 yaktaur captains (Vaults:5)
  10 vault guards (Vaults:5)
  A great orb of eyes (Vaults:2)
  2 deep elf high priests (Vaults:5)
  An ironbound frostheart (Vaults:4)
  3 radroaches (Spider:4)
  A two-headed ogre (Vaults:5)
  4 demonic crawlers (Spider:4)
  2 boulder beetles (Spider:4)
  A sun demon (Pan)
  A deep elf knight (Vaults:5)
  A shining eye (shapeshifter) (Vaults:5)
  A pharaoh ant (Spider:4)
  An orb spider (Spider:4)
  A deep troll (Vaults:4)
  2 ironbound convokers
  5 steelbarb worms (Spider:4)
  A lindwurm (Vaults:2)
  3 phantasmal warriors (Vaults:5)
  A deep elf pyromancer (Vaults:5)
  2 wolf spiders (Spider:4)
  A shining eye (Slime:4)
  A moth of wrath (Spider:4)
  An ugly thing (Vaults:4)
  3 vault sentinels (Vaults:5)
  A meliai (Spider:4)
  3 torpor snails (Spider:4)
  2 yaktaurs (Vaults:5)
  3 swamp worm zombies (Swamp:4)
  2 tarantellas (Spider:4)
  A hydra zombie (Swamp:4)
  A glass eye (Slime:5)
  A culicivora (Spider:4)
  14 slime creatures
  3 jumping spiders (Spider:4)
  A neqoxec (Pan)
  A tyrant leech zombie (Swamp:4)
  7 redbacks (Spider:4)
  2 vampire mosquitoes (Swamp:4)
  A swamp worm (Swamp:2)
  3 phantoms (Swamp:4)
  A bullfrog (Lair:5)
  An aspiring flesh (Pan)
  3 boulders
172 creatures vanquished.

Vanquished Creatures (others)
  A bone dragon (Zig:14)
  A pandemonium lord (Pan)
  A storm dragon (Zot:1)
  A balrug (Zot:3)
  A draconian annihilator (Zot:1)
  A vampire knight (Depths:1)
  A rockslime zombie (Slime:5)
  A lorocyproca (Hell)
  A wendigo (Coc:7)
  A very ugly thing zombie (Vaults:2)
  An acid blob zombie (Slime:5)
  An ettin (Depths:2)
  A sphinx zombie (Vaults:5)
  3 caustic shrike simulacra (Coc:7)
  A quicksilver ooze zombie (Slime:5)
  A thrashing horror (Abyss:5)
  An azure jelly zombie (Slime:5)
  3 titan zombies (Vaults:5)
  An occultist (Volcano)
  2 storm dragon zombies (Vaults:5)
  A deep elf knight (Elf:3)
  A sixfirhy (Pan)
  2 ogre zombies
  2 ghost moth zombies (Spider:4)
  2 shadow dragon zombies (Vaults:5)
  A spriggan simulacrum (Coc:7)
  2 tengu zombies
  A fenstrider witch simulacrum (Hell)
  A frost giant zombie (Vaults:5)
  An ugly thing (Vaults:1)
  3 stone giant zombies (Vaults:5)
  29 human zombies
  2 fire giant zombies (Vaults:5)
  A formless jellyfish zombie (Slime:5)
  An orange demon (Pan)
  10 yaktaur zombies
  A hellion (Geh:3)
  An orb spider zombie (Spider:4)
  4 redback zombies (Spider:4)
  2 anaconda simulacra
  A great orb of eyes zombie (Vaults:4)
  A tarantella zombie (Spider:4)
  A jumping spider zombie (Spider:4)
  An ettin zombie (Vaults:5)
  3 meliai zombies (Spider:4)
  2 radroach zombies (Spider:4)
  A slime creature (Slime:1)
  10 slime creature zombies
  A human (Spider:1)
  6 elf zombies
  A chaos spawn (Pan)
  An entropy weaver zombie (Spider:4)
  3 two-headed ogre zombies (Vaults:5)
  2 lindwurm zombies (Vaults:2)
  5 ball lightnings (Pan)
  7 boulders
  2 creeping infernos
  5 foxfires
  A starspawn tentacle (Abyss:5)
147 creatures vanquished.

Grand Total: 3510 creatures vanquished

Notes
Turn   | Place    | Note
-------+----------+-------------------------------------------
     0 | D:1      | Sergey the Human Earth Elementalist began the quest for the
                  | Orb.
     0 | D:1      | Reached XP level 1. HP: 13/13 MP: 3/3
   425 | D:1      | Reached XP level 2. HP: 19/19 MP: 0/5
   624 | D:2      | Reached XP level 3. HP: 24/24 MP: 3/6
   634 | D:2      | Learned a level 3 spell: Passwall
   757 | D:2      | Learned a level 3 spell: Stone Arrow
   775 | D:2      | Noticed Jessica
   783 | D:2      | Killed Jessica
   784 | D:2      | Reached skill level 3 in Spellcasting
   784 | D:2      | Reached XP level 4. HP: 11/30 MP: 1/8
   943 | D:3      | Found Foimah Caobb's Weapon Boutique.
   955 | D:3      | Found Sirummoev's Magic Scroll Shoppe.
   961 | D:3      | Bought a scroll of identify for 22 gold pieces
   961 | D:3      | Bought a scroll of identify for 22 gold pieces
   984 | D:3      | Found a shadowy altar of Dithmenos.
  1072 | D:3      | Found Oriqada's Armour Boutique.
  1264 | D:4      | Noticed Eustachio
  1294 | D:4      | Reached XP level 5. HP: 35/35 MP: 5/9
  1472 | D:3      | Bought a scroll of blinking for 82 gold pieces
  1472 | D:3      | Bought a scroll of identify for 22 gold pieces
  1507 | D:3      | Found Luosk's Antique Weapon Boutique.
  1524 | D:3      | Noticed Grinder
  1581 | D:3      | Identified the +1 robe of Reason {rPois}
  1706 | D:4      | Killed Eustachio
  1707 | D:4      | Reached skill level 1 in Evocations
  1707 | D:4      | Reached XP level 6. HP: 36/41 MP: 1/11
  1772 | D:4      | Reached skill level 4 in Spellcasting
  1861 | D:5      | Entered Level 5 of the Dungeon
  1886 | D:5      | Reached skill level 5 in Earth Magic
  1886 | D:5      | Reached XP level 7. HP: 45/46 MP: 8/13
  1896 | D:5      | Noticed Blork the orc
  1959 | D:4      | Identified the +4 short sword of Annihilation {freeze, Fly
                  | rN+ Int-5 Dex+5}
  2021 | D:5      | Found a stormy altar of Qazlal.
  2028 | D:5      | Noticed Pikel
  2054 | D:5      | Killed Pikel
  2055 | D:5      | Reached skill level 5 in Spellcasting
  2055 | D:5      | Reached skill level 6 in Spellcasting
  2055 | D:5      | Reached XP level 8. HP: 42/52 MP: 1/17
  2118 | D:5      | Killed Blork the orc
  2159 | D:5      | Found Nioziq's Armour Shop.
  2196 | D:5      | Noticed Ijyb
  2197 | D:5      | Found a staircase to the Ecumenical Temple.
  2216 | D:5      | Reached skill level 1 in Ice Magic
  2232 | D:5      | Killed Ijyb
  2241 | Temple   | Entered the Ecumenical Temple
  2283 | Temple   | Became a worshipper of Cheibriados the Contemplative
  2347 | D:5      | Learned a level 3 spell: Frozen Ramparts
  2516 | D:6      | Found a blossoming altar of Fedhas.
  2538 | D:6      | Found an ornate altar of the Wu Jian Council.
  2620 | D:6      | Reached XP level 9. HP: 57/57 MP: 11/19
  2623 | D:6      | Reached * piety under Cheibriados
  2726 | D:6      | Reached skill level 5 in Evocations
  2728 | D:6      | Reached skill level 1 in Fighting
  2774 | D:6      | Reached skill level 7 in Spellcasting
  2802 | D:6      | Noticed a troll
  2811 | D:6      | Killed a troll
  2823 | D:6      | Reached skill level 8 in Spellcasting
  3032 | D:7      | Reached ** piety under Cheibriados
  3040 | D:7      | Reached skill level 9 in Spellcasting
  3046 | D:7      | Reached XP level 10. HP: 71/71 MP: 12/23
  3076 | D:7      | Found an iron altar of Okawaru.
  3171 | D:7      | Learned a level 4 spell: Brom's Barrelling Boulder
  3196 | D:7      | Identified the +3 falchion "Birruam" {freeze, rPois rF-
                  | Dex+3}
  3230 | D:7      | Found Imuida's Assorted Antiques.
  3240 | D:7      | Bought a scroll labelled GIOVUSH GURU for 30 gold pieces
  3240 | D:7      | Bought a scroll labelled VANUBBESAO for 30 gold pieces
  3240 | D:7      | Bought a smoky black potion for 27 gold pieces
  3240 | D:7      | Bought a fizzy inky potion for 27 gold pieces
  3240 | D:7      | Bought a scroll of identify for 60 gold pieces
  3343 | D:8      | Found a white marble altar of Elyvilon.
  3344 | D:8      | Found a sacrificial altar of Ru.
  3373 | D:8      | Noticed a two-headed ogre
  3379 | D:8      | Killed a two-headed ogre
  3380 | D:8      | Reached skill level 5 in Conjurations
  3380 | D:8      | Reached skill level 5 in Ice Magic
  3449 | D:8      | Reached *** piety under Cheibriados
  3495 | D:8      | Found a staircase to the Lair.
  3592 | D:9      | Found a radiant altar of Vehumet.
  3618 | D:9      | Found a transporter.
  3619 | D:9      | Found a transporter.
  3621 | D:9      | Found a transporter.
  3625 | D:9      | Found a transporter.
  3634 | D:9      | Reached skill level 10 in Spellcasting
  3634 | D:9      | Reached skill level 1 in Invocations
  3634 | D:9      | Reached **** piety under Cheibriados
  3652 | D:9      | Found a staircase to the Orcish Mines.
  3799 | D:9      | Reached XP level 11. HP: 77/77 MP: 6/25
  3833 | D:9      | Reached ***** piety under Cheibriados
  3834 | D:9      | Reached skill level 5 in Invocations
  3976 | D:10     | Entered Level 10 of the Dungeon
  4314 | D:10     | Found an ancient bone altar of Kikubaaqudgha.
  4466 | D:9      | Noticed a two-headed ogre
  4470 | D:9      | Killed a two-headed ogre
  4471 | D:9      | Reached skill level 5 in Fighting
  4471 | D:9      | Reached skill level 5 in Dodging
  4536 | D:11     | Noticed Snorg
  4584 | D:10     | Found an opulent altar of Gozag.
  4720 | D:11     | Noticed a cyclops
  4734 | D:11     | Killed a cyclops
  4757 | D:11     | Learned a level 2 spell: Sublimation of Blood
  4785 | D:11     | Learned a level 4 spell: Dispel Undead
  4794 | D:11     | Found a frozen archway.
  4798 | D:11     | Reached skill level 1 in Necromancy
  4805 | IceCv    | Entered an ice cave
  4833 | IceCv    | Reached ****** piety under Cheibriados
  4835 | IceCv    | Noticed a death yak
  4846 | IceCv    | Killed a death yak
  4851 | IceCv    | Reached XP level 12. HP: 50/88 MP: 0/26
  4921 | IceCv    | Noticed a death yak
  4927 | IceCv    | Killed a death yak
  4928 | IceCv    | Reached skill level 11 in Spellcasting
  4952 | IceCv    | Noticed a death yak
  4952 | IceCv    | Noticed a frost giant
  4971 | IceCv    | Killed a frost giant
  4978 | IceCv    | Killed a death yak
  4990 | IceCv    | Reached skill level 12 in Spellcasting
  5029 | IceCv    | Got Izxeuff's Commentary on Hoarfrost
  5036 | IceCv    | Learned a level 5 spell: Freezing Cloud
  5036 | IceCv    | Identified the +0 pair of gloves "Nunidaag" {Rampage rC+
                  | Will+ Int-5}
  5066 | IceCv    | Reached skill level 1 in Air Magic
  5100 | IceCv    | Noticed a death yak
  5106 | IceCv    | Killed a death yak
  5191 | D:11     | Identified the +5 sling of Division {antimagic, SInv}
  5218 | D:11     | Found a glowing silver altar of Zin.
  5406 | Lair:1   | Entered Level 1 of the Lair of Beasts
  5636 | Lair:1   | Found a dark tunnel.
  5641 | Volcano  | Entered a volcano
  5650 | Volcano  | Reached XP level 13. HP: 93/93 MP: 22/29
  5713 | Volcano  | Reached skill level 10 in Ice Magic
  5732 | Volcano  | Noticed an orb of fire
  5766 | Volcano  | Noticed an orb of fire
  5791 | Volcano  | Learned a level 7 spell: Ozocubu's Refrigeration
  6274 | Lair:5   | Entered Level 5 of the Lair of Beasts
  6274 | Lair:5   | Found a viscous altar of Jiyva.
  6292 | Lair:5   | Found a staircase to the Slime Pits.
  6327 | Lair:5   | Reached XP level 14. HP: 100/100 MP: 4/30
  6351 | Lair:5   | Identified the ring "Tiuxkuxe" {rPois rF+++ rC- rN+ Will+}
  6374 | Lair:5   | Got an earthy gem with 2498 turns to spare
  6666 | Lair:3   | Found a hole to the Spider Nest.
  6670 | Spider:1 | Entered Level 1 of the Spider Nest
  6670 | Spider:1 | Noticed an emperor scorpion
  6681 | Spider:1 | Killed an emperor scorpion
  6686 | Spider:1 | Identified the serpent talisman of Cynicism {Will+ Slay+3}
  6686 | Spider:1 | Noticed Aizul
  6689 | Spider:1 | Noticed Kirke
  6692 | Spider:1 | Killed Aizul
  6698 | Spider:1 | Killed Kirke
  6706 | Spider:1 | Learned a level 6 spell: Sculpt Simulacrum
  6728 | Spider:1 | Reached skill level 1 in Alchemy
  6799 | Spider:1 | Reached skill level 13 in Spellcasting
  6903 | Orc:1    | Entered Level 1 of the Orcish Mines
  6974 | Orc:1    | Found Motut's Weapon Shop.
  6974 | Orc:1    | Found Foymios's Antique Weapon Boutique.
  6978 | Orc:1    | Found Otogun's Antique Weapon Boutique.
  7019 | Orc:2    | Entered Level 2 of the Orcish Mines
  7023 | Orc:2    | Found Fougimnu's Antique Weapon Emporium.
  7029 | Orc:2    | Found Xocvic's Antique Armour Shop.
  7079 | Orc:2    | Found Ybocier's Assorted Antiques.
  7087 | Orc:2    | Bought a scroll of blinking for 270 gold pieces
  7110 | Orc:2    | Found Onoetupn's General Store.
  7122 | Orc:2    | Reached skill level 5 in Necromancy
  7130 | Orc:1    | Found Girocoa's Book Boutique.
  7168 | Orc:2    | Found Cuoschik's Antique Weapon Emporium.
  7210 | Orc:2    | Found Nukog's Book Boutique.
  7260 | Orc:2    | Reached XP level 15. HP: 110/110 MP: 24/32
  7261 | Orc:2    | Found a staircase to the Elven Halls.
  7284 | Orc:2    | Found Geog's Weapon Shop.
  7378 | Orc:2    | Found Notz's Antique Armour Shop.
  7415 | Orc:2    | Found Boel Pirph's Antique Weapon Shoppe.
  7449 | Orc:2    | Bought a +2 cloak of poison resistance for 185 gold pieces
  7471 | Orc:1    | Bought a book of Cantrips for 192 gold pieces
  7473 | Orc:1    | Learned a level 1 spell: Apportation
  7506 | Elf:1    | Entered Level 1 of the Elven Halls
  7514 | Elf:1    | Reached skill level 14 in Spellcasting
  7576 | Elf:1    | Found a crumbling gateway.
  7583 | Desolati | Entered the Desolation of Salt
  7689 | Elf:1    | Reached skill level 15 in Spellcasting
  7741 | Elf:1    | Found a radiant altar of Vehumet.
  7863 | Elf:1    | Reached skill level 16 in Spellcasting
  7866 | Elf:1    | Noticed a deep elf sorcerer
  7878 | Elf:1    | Killed a deep elf sorcerer
  7900 | Elf:1    | Got Asmodeus's Almanac of Creative Trauma
  8071 | Elf:2    | Reached XP level 16. HP: 110/118 MP: 15/36
  8108 | Elf:2    | Paralysed by an air elemental for 1 turns
  8182 | Elf:3    | Entered Level 3 of the Elven Halls
  8197 | Elf:3    | Learned a level 5 spell: Borgnjor's Vile Clutch
  8302 | Elf:3    | Reached skill level 1 in Translocations
  8305 | Elf:2    | Identified the serpent talisman of Sif Muna's Generosity
                  | {rC+}
  8622 | Elf:3    | Reached skill level 10 in Fighting
  8622 | Elf:3    | Reached skill level 10 in Dodging
  8664 | Elf:3    | Noticed a deep elf blademaster
  8716 | Elf:3    | Killed a deep elf blademaster
  8758 | Elf:3    | Identified the amulet of Mairch {RegenMP Dex+5}
  8837 | Elf:3    | Noticed a deep elf master archer
  8860 | Elf:3    | Killed a deep elf master archer
  8894 | Elf:3    | Reached XP level 17. HP: 125/128 MP: 25/37
  8902 | Elf:3    | Identified the ring of Filaan {rC+ Will+}
  8906 | Elf:3    | Identified the +8 long sword of the Ancient Yaks {venom,
                  | rN+ Str+3 Int+3}
  8910 | Elf:3    | Reached skill level 10 in Invocations
  8981 | Elf:3    | Identified the +1 pair of gloves of Somewhere Else {Str+3
                  | Dex+2}
  9020 | Elf:3    | Identified the +5 morningstar of Japs {heavy, Str+3}
  9060 | Elf:3    | Got the Textbook on the Crypt and the Welkin
  9066 | Elf:3    | Learned a level 4 spell: Passage of Golubria
  9190 | Orc:2    | Learned a level 4 spell: Animate Dead
  9426 | Lair:3   | Reached skill level 5 in Translocations
  9434 | Lair:3   | Found a staircase to the Swamp.
  9449 | Swamp:1  | Entered Level 1 of the Swamp
  9491 | Swamp:4  | Entered Level 4 of the Swamp
  9515 | Swamp:3  | Identified the +0 leather armour of the Circus Animal
                  | {rElec Dex+3}
  9538 | Swamp:3  | Noticed Donald
  9547 | Swamp:3  | Killed Donald
  9664 | Swamp:4  | Reached skill level 17 in Spellcasting
  9841 | Swamp:4  | Noticed a bone dragon
  9864 | Swamp:4  | Killed a bone dragon
  9897 | Swamp:4  | Got a decaying rune of Zot
  9897 | Swamp:4  | Got a mossy gem with 1091 turns to spare
  9935 | Swamp:2  | Noticed Roxanne
  9993 | Swamp:2  | Killed Roxanne
  9994 | Swamp:2  | Reached skill level 1 in Shapeshifting
 10234 | Spider:4 | Entered Level 4 of the Spider Nest
 10282 | Spider:3 | Identified the +0 robe "Warauffi" {rF++}
 10293 | Spider:3 | Reached XP level 18. HP: 131/134 MP: 24/39
 10304 | Spider:4 | Reached skill level 5 in Shapeshifting
 10402 | Spider:4 | Noticed Arachne
 10421 | Spider:4 | Killed Arachne
 10643 | Spider:4 | Got a milky-white gem with 1405 turns to spare
 10660 | Spider:4 | Got a gossamer rune of Zot
 10908 | Orc:2    | Bought the +3 Elemental Staff {ele, rElec rF+ rC+ AC+3} for
                  | 2112 gold pieces
 10908 | Orc:2    | Found the +3 Elemental Staff {ele, rElec rF+ rC+ AC+3}
 11006 | D:12     | Reached skill level 10 in Shapeshifting
 11095 | D:14     | Found a gate to the Vaults.
 11114 | Vaults:1 | Entered Level 1 of the Vaults
 11412 | Vaults:2 | Reached XP level 19. HP: 105/140 MP: 1/40
 11441 | Vaults:2 | Found a huge runed translucent gate.
 11441 | Vaults:2 | Found a huge runed translucent gate.
 11441 | Vaults:2 | Found a huge runed translucent gate.
 11441 | Vaults:2 | Found a huge runed translucent gate.
 11441 | Vaults:2 | Found a huge runed translucent gate.
 11441 | Vaults:2 | Found a huge runed translucent gate.
 11442 | Vaults:2 | Found a huge runed translucent gate.
 11442 | Vaults:2 | Found a huge runed translucent gate.
 11442 | Vaults:2 | Found a huge runed translucent gate.
 11442 | Vaults:2 | Found a huge runed translucent gate.
 11442 | Vaults:2 | Found a huge runed translucent gate.
 11442 | Vaults:2 | Found a huge runed translucent gate.
 11442 | Vaults:2 | Found a huge runed translucent gate.
 11443 | Vaults:2 | Found a huge runed translucent gate.
 11444 | Vaults:2 | Found a huge runed translucent gate.
 11444 | Vaults:2 | Found a huge runed translucent gate.
 11449 | Vaults:2 | Found a huge runed translucent gate.
 11450 | Vaults:2 | Found a huge runed translucent gate.
 11451 | Vaults:2 | Found a huge runed translucent gate.
 11452 | Vaults:2 | Found a huge runed translucent gate.
 11452 | Vaults:2 | Found a huge runed translucent gate.
 11458 | Vaults:2 | Found a huge runed translucent gate.
 11459 | Vaults:2 | Found a huge runed translucent gate.
 11459 | Vaults:2 | Found a huge runed translucent gate.
 11459 | Vaults:2 | Found a huge runed translucent gate.
 11459 | Vaults:2 | Found a huge runed translucent gate.
 11465 | Vaults:2 | Found a huge runed translucent gate.
 11468 | Vaults:2 | Found a huge runed translucent gate.
 11468 | Vaults:2 | Found a huge runed translucent gate.
 11468 | Vaults:2 | Found a huge runed translucent gate.
 11470 | Vaults:2 | Found a huge runed translucent gate.
 11471 | Vaults:2 | Found a huge runed translucent gate.
 11471 | Vaults:2 | Found a huge runed translucent gate.
 11471 | Vaults:2 | Found a huge runed translucent gate.
 11471 | Vaults:2 | Found a huge runed translucent gate.
 12017 | Vaults:4 | Found a runed translucent gate.
 12017 | Vaults:4 | Found a runed translucent gate.
 12018 | Vaults:4 | Found a runed translucent gate.
 12019 | Vaults:4 | Noticed Dacon's ghost (adept MiGl)
 12153 | Vaults:4 | Identified the +4 hat of Ifugehih {rC+ Will+}
 12170 | Vaults:4 | Reached skill level 15 in Shapeshifting
 12311 | Vaults:3 | Noticed Asterion
 12318 | Vaults:3 | Killed Asterion
 12360 | Vaults:3 | Reached skill level 1 in Unarmed Combat
 12464 | Vaults:1 | Reached XP level 20. HP: 147/147 MP: 29/41
 12617 | D:11     | Identified the +2 arbalest of Equivalence {heavy, +Blink
                  | rCorr}
 12761 | Slime:1  | Entered Level 1 of the Pits of Slime
 12776 | Slime:1  | Gained mutation: You occasionally lose the ability to drink
                  | potions when taking damage. [a shining eye]
 12776 | Slime:1  | Gained mutation: Armour fits poorly on your strangely
                  | shaped body. [a shining eye]
 12777 | Slime:1  | Gained mutation: You have hidden genetic defects. [a
                  | shining eye]
 12821 | Slime:1  | Reached skill level 5 in Unarmed Combat
 12822 | Slime:1  | Lost mutation: You occasionally lose the ability to drink
                  | potions when taking damage. [potion of mutation]
 12822 | Slime:1  | Lost mutation: You have hidden genetic defects. [potion of
                  | mutation]
 12822 | Slime:1  | Gained mutation: You are clumsy. (Dex -2) [potion of
                  | mutation]
 12822 | Slime:1  | Gained mutation: You are vulnerable to heat. (rF-) [potion
                  | of mutation]
 12910 | Slime:3  | You fall into a shaft and drop 1 floor!
 12928 | Slime:5  | Entered Level 5 of the Pits of Slime
 12953 | Slime:5  | Noticed the Royal Jelly
 12961 | Slime:5  | Killed the Royal Jelly
 13009 | Slime:5  | Identified the staff of Laceration {+Blink rF+ rN+ Necro}
 13013 | Slime:5  | Identified the ring "Amebrir" {rElec rN++ rCorr Str-4
                  | Stlth+}
 13024 | Slime:5  | Identified the amulet "Nadofoz" {Acrobat Str+7 Dex-4}
 13026 | Slime:5  | Got a slimy rune of Zot
 13026 | Slime:5  | Got a starry gem with 77 turns to spare
 13039 | Slime:5  | Identified the +8 great sword of the Eternal Warrior
                  | {flame, *Noise Will+ Int+4}
 13048 | Slime:5  | Identified the ring "Meyxuofe" {Fly rN++ Will+ Dex+5}
 13072 | Slime:5  | Learned a level 5 spell: Irradiate
 13072 | Slime:5  | Lost mutation: You are clumsy. (Dex -2) [potion of
                  | mutation]
 13072 | Slime:5  | Lost mutation: You are vulnerable to heat. (rF-) [potion of
                  | mutation]
 13072 | Slime:5  | Gained mutation: You are partially covered in large bone
                  | plates. (SH +4) [potion of mutation]
 13072 | Slime:5  | Lost mutation: Armour fits poorly on your strangely shaped
                  | body. [potion of mutation]
 13072 | Slime:5  | Gained mutation: You have sharp toenails. [potion of
                  | mutation]
 13097 | Slime:3  | Gained mutation: Potions are less effective at restoring
                  | your health. [a shining eye]
 13445 | Vaults:2 | Identified the amulet of Midwinter {RegenMP Str+4 Int+3}
 13447 | Vaults:2 | Found a huge runed translucent gate.
 13475 | Vaults:3 | You fall into a shaft and drop 1 floor!
 13499 | Vaults:5 | Entered Level 5 of the Vaults
 13501 | Vaults:5 | Noticed an ancient lich
 13519 | Vaults:5 | Reached skill level 5 in Alchemy
 13527 | Vaults:5 | Reached XP level 21. HP: 85/153 MP: 15/42
 13617 | Vaults:5 | Killed an ancient lich
 13618 | Vaults:5 | Reached skill level 18 in Spellcasting
 13661 | Vaults:5 | Identified the ring "Ibisiud" {rN+ EV+5 Str+4}
 13803 | Vaults:5 | Got a silver rune of Zot
 13982 | Vaults:5 | Reached skill level 15 in Ice Magic
 14080 | Vaults:5 | Reached XP level 22. HP: 159/159 MP: 23/44
 14190 | Vaults:5 | Learned a level 9 spell: Polar Vortex
 14236 | Vaults:5 | Identified the +6 hand cannon of Hexiuv {antimagic, Str+5}
 14318 | Vaults:5 | Got the Annotations on Elsewhere and Ouranomancy
 14318 | Vaults:5 | Got Hozxathri's Discursus on Niveous Translocation
 14407 | Vaults:3 | Noticed Jory
 14416 | Vaults:3 | Killed Jory
 14533 | Vaults:2 | Found a staircase to the Crypt.
 14536 | Crypt:1  | Entered Level 1 of the Crypt
 14545 | Crypt:1  | Paralysed by something for 5 turns
 14671 | Crypt:3  | Entered Level 3 of the Crypt
 14784 | Crypt:3  | Reached XP level 23. HP: 149/165 MP: 40/45
 14922 | Crypt:3  | Noticed an ancient lich
 14925 | Crypt:3  | Found a staircase to the Tomb.
 14928 | Crypt:3  | Killed an ancient lich
 14952 | Crypt:3  | Got an ivory gem with 762 turns to spare
 15188 | Vaults:2 | Identified the +8 falchion of the Sage {drain, *Slow rPois
                  | rCorr Int+4}
 15201 | Vaults:2 | Learned a level 6 spell: Bombard
 15343 | D:13     | Noticed Urug
 15436 | D:15     | Entered Level 15 of the Dungeon
 15602 | D:15     | Found a staircase to the Depths.
 15614 | D:15     | Got a smoky gem with 443 turns to spare
 15618 | Depths:1 | Entered Level 1 of the Depths
 15649 | Depths:1 | Noticed a golden dragon
 15653 | Depths:1 | Killed a golden dragon
 15658 | Depths:2 | Found a gateway to Hell.
 15694 | Depths:4 | Entered Level 4 of the Depths
 15715 | Depths:4 | Noticed a caustic shrike
 15717 | Depths:4 | Killed a caustic shrike
 15717 | Depths:4 | Noticed a caustic shrike
 15720 | Depths:4 | Killed a caustic shrike
 15723 | Depths:4 | Noticed a caustic shrike
 15726 | Depths:4 | Killed a caustic shrike
 15754 | Depths:4 | Found a gate to the Realm of Zot.
 15755 | Depths:4 | Noticed a golden dragon
 15759 | Depths:4 | Got a midnight gem with 2641 turns to spare
 15762 | Depths:4 | Killed a golden dragon
 15763 | Depths:4 | Reached XP level 24. HP: 172/172 MP: 35/45
 15833 | Depths:4 | Identified the +1 plate armour of the Pink Corner {rN+
                  | SInv}
 15839 | Depths:4 | Reached skill level 19 in Spellcasting
 15891 | Depths:2 | Found a one-way gate leading to the halls of Pandemonium.
 15898 | Pan      | Entered Pandemonium
 15966 | Pan      | Noticed Quukhlud the pandemonium lord
 15981 | Pan      | Killed Quukhlud the pandemonium lord
 15996 | Pan      | Gained mutation: You do not regenerate when monsters are
                  | visible. [a cacodemon]
 16036 | Pan      | Noticed Puucle the pandemonium lord
 16041 | Pan      | Gained mutation: You are occasionally teleported next to
                  | monsters. [a neqoxec]
 16048 | Pan      | Killed Puucle the pandemonium lord
 16067 | Pan      | Got a demonic rune of Zot
 16068 | Pan      | Found a runed translucent door.
 16118 | Pan      | Noticed Tiet the pandemonium lord
 16125 | Pan      | Killed Tiet the pandemonium lord
 16218 | Pan      | Entered the realm of Cerebov.
 16248 | Pan      | Identified the staff "Jellyslayer" {rElec Int-4 Dex+2
                  | Stlth+ Fire Air}
 16257 | Pan      | Found the +6 sword of Cerebov {flame}
 16257 | Pan      | Noticed Cerebov
 16261 | Pan      | Killed Cerebov
 16262 | Pan      | Reached skill level 15 in Dodging
 16262 | Pan      | Reached skill level 20 in Spellcasting
 16262 | Pan      | Reached XP level 25. HP: 159/184 MP: 30/47
 16270 | Pan      | Got a fiery rune of Zot
 16279 | Pan      | Identified the ring "Yroall" {Fire ^Contam Fly Str+4}
 16286 | Pan      | Identified the +2 robe of Indecent Exposure {MP+9 Int+2
                  | Dex-4}
 16317 | Pan      | Identified the +5 flail of Yredelemnul's Approval {freeze,
                  | Dex+10}
 16318 | Pan      | Reached skill level 5 in Stealth
 16342 | Pan      | Entered the realm of Lom Lobon.
 16463 | Pan      | Noticed Lom Lobon
 16477 | Pan      | Got a magical rune of Zot
 16628 | Pan      | Entered the realm of Mnoleg.
 16633 | Pan      | Reached skill level 10 in Stealth
 16637 | Pan      | Reached skill level 1 in Shields
 16658 | Pan      | Reached skill level 5 in Shields
 16664 | Pan      | Gained mutation: You are weak. (Str -2) [a cacodemon]
 16664 | Pan      | Gained mutation: Your health recovers twice as slowly from
                  | being drained. [a cacodemon]
 16680 | Pan      | Noticed Mnoleg
 16688 | Pan      | Killed Mnoleg
 16714 | Pan      | Gained mutation: Armour fits poorly on your strangely
                  | shaped body. [a cacodemon]
 16716 | Pan      | Gained mutation: You are clumsy. (Dex -2) [a cacodemon]
 16717 | Pan      | Gained mutation: Your spells are a little easier to cast,
                  | but a little less powerful. [a cacodemon]
 16750 | Pan      | Got a glowing rune of Zot
 16783 | Pan      | Lost mutation: Your spells are a little easier to cast, but
                  | a little less powerful. [potion of mutation]
 16783 | Pan      | Lost mutation: You are clumsy. (Dex -2) [potion of
                  | mutation]
 16783 | Pan      | Lost mutation: You are weak. (Str -2) [potion of mutation]
 16783 | Pan      | Gained mutation: You passively dampen the noise of your
                  | surroundings. [potion of mutation]
 16784 | Pan      | Lost mutation: You are partially covered in large bone
                  | plates. (SH +4) [potion of mutation]
 16784 | Pan      | Lost mutation: You do not regenerate when monsters are
                  | visible. [potion of mutation]
 16784 | Pan      | Lost mutation: Potions are less effective at restoring your
                  | health. [potion of mutation]
 16784 | Pan      | Gained mutation: Your muscles are strong. (Str +4, Int/Dex
                  | -1) [potion of mutation]
 16784 | Pan      | Gained mutation: You are strong-willed. (Will+) [potion of
                  | mutation]
 16784 | Pan      | Gained mutation: You occasionally lose the ability to read
                  | scrolls when taking damage. [potion of mutation]
 16785 | Pan      | Lost mutation: Your muscles are strong. (Str +4, Int/Dex
                  | -1) [potion of mutation]
 16785 | Pan      | Lost mutation: You passively dampen the noise of your
                  | surroundings. [potion of mutation]
 16785 | Pan      | Lost mutation: You occasionally lose the ability to read
                  | scrolls when taking damage. [potion of mutation]
 16785 | Pan      | Gained mutation: Your body sometimes deteriorates upon
                  | taking damage. [potion of mutation]
 16785 | Pan      | Gained mutation: Your muscles are strong. (Str +4, Int/Dex
                  | -1) [potion of mutation]
 16789 | Pan      | Lost mutation: You are occasionally teleported next to
                  | monsters. [potion of mutation]
 16789 | Pan      | Lost mutation: Armour fits poorly on your strangely shaped
                  | body. [potion of mutation]
 16789 | Pan      | Lost mutation: Your muscles are strong. (Str +4, Int/Dex
                  | -1) [potion of mutation]
 16789 | Pan      | Noticed Awyirogi the pandemonium lord
 16795 | Pan      | Reached skill level 10 in Shields
 16796 | Pan      | Killed Awyirogi the pandemonium lord
 16804 | Pan      | Reached XP level 26. HP: 191/191 MP: 12/47
 16853 | Pan      | Gained mutation: You are vulnerable to cold. (rC-) [a
                  | cacodemon]
 16869 | Pan      | Found a runed translucent door.
 16886 | Pan      | Found an exit through the horrors of the Abyss.
 16921 | Pan      | Gained mutation: Your body often deteriorates upon taking
                  | damage. [a cacodemon]
 16970 | Pan      | Noticed Eddut the pandemonium lord
 16978 | Pan      | Killed Eddut the pandemonium lord
 16992 | Depths:2 | Escaped Pandemonium
 16994 | Pan      | Entered the realm of Gloorx Vloq.
 16994 | Pan      | Entered Pandemonium
 17146 | Pan      | Reached skill level 10 in Evocations
 17207 | Pan      | Noticed Gloorx Vloq
 17215 | Pan      | Killed Gloorx Vloq
 17233 | Pan      | Got a dark rune of Zot
 17284 | Pan      | Noticed Kaomoedi the pandemonium lord
 17337 | Pan      | Noticed Cikeb Using the pandemonium lord
 17343 | Pan      | Killed Cikeb Using the pandemonium lord
 17482 | Pan      | Noticed Xaiphall the pandemonium lord
 17540 | Pan      | Found a huge runed translucent gate.
 17540 | Pan      | Found a huge runed translucent gate.
 17540 | Pan      | Found a huge runed translucent gate.
 17541 | Pan      | Found a huge runed translucent gate.
 17542 | Pan      | Found a huge runed translucent gate.
 17543 | Pan      | Found a huge runed translucent gate.
 17544 | Pan      | Found a huge runed translucent gate.
 17586 | Pan      | Found an exit through the horrors of the Abyss.
 17594 | Pan      | Took an exit into the Abyss.
 17594 | Abyss:1  | Escaped into the Abyss
 17595 | Abyss:1  | Upgraded the game from 0.31.0-2-g5a2aebc5c2 to
                  | 0.31.0-4-g52a2dc7128
 17622 | Abyss:3  | Found a corrupted altar of Lugonu.
 17679 | Abyss:5  | Found a stormy altar of Qazlal.
 17695 | Abyss:5  | Found a glowing golden altar of the Shining One.
 17696 | Abyss:5  | Noticed a juggernaut
 17700 | Abyss:5  | Killed a juggernaut
 17711 | Abyss:5  | Got an abyssal rune of Zot
 17761 | Abyss:5  | Reached XP level 27. HP: 201/201 MP: 41/47
 17767 | Depths:2 | Escaped the Abyss
 17847 | Depths:2 | Found a corrupted altar of Lugonu.
 17847 | Depths:2 | Found a one-way gate to the infinite horrors of the Abyss.
 17957 | Depths:4 | Found a shimmering altar of Xom.
 18334 | Depths:2 | Found a one-way gateway to a ziggurat.
 18342 | Zig:1    | Entered Level 1 of a ziggurat
 18351 | Zig:2    | Entered Level 2 of a ziggurat
 18361 | Zig:3    | Entered Level 3 of a ziggurat
 18377 | Zig:3    | Identified the staff of Dithmenos's Grace {rC- MP-9 Dex+6
                  | SInv Earth}
 18379 | Zig:4    | Entered Level 4 of a ziggurat
 18391 | Zig:5    | Entered Level 5 of a ziggurat
 18402 | Zig:5    | Identified the +2 leather armour "Ququgh" {rN++ Will+}
 18404 | Zig:6    | Entered Level 6 of a ziggurat
 18410 | Zig:6    | Reached skill level 21 in Spellcasting
 18431 | Zig:6    | Learned a level 8 spell: Ignition
 18432 | Zig:7    | Entered Level 7 of a ziggurat
 18440 | Zig:7    | Identified the amulet "Hunou" {Acrobat Harm rC+ Dex+2}
 18446 | Zig:7    | Reached skill level 5 in Fire Magic
 18455 | Zig:8    | Entered Level 8 of a ziggurat
 18478 | Zig:9    | Entered Level 9 of a ziggurat
 18483 | Zig:9    | Found the +3 pair of gauntlets of War {Slay+5}
 18493 | Zig:9    | Identified the staff of the Blowfly {Conj Summ}
 18498 | Zig:10   | Entered Level 10 of a ziggurat
 18507 | Zig:10   | Reached skill level 10 in Fire Magic
 18514 | Zig:10   | Identified the ring of Birdsong {Fly rF- rN++ Will+ Str+3}
 18519 | Zig:10   | Got the Parchment of Hexing Mustering
 18521 | Zig:11   | Entered Level 11 of a ziggurat
 18525 | Zig:11   | Found the +8 arc blade {discharge, rElec}
 18525 | Zig:11   | Noticed Xeuhaegrye the pandemonium lord
 18528 | Zig:11   | Killed Xeuhaegrye the pandemonium lord
 18533 | Zig:11   | Identified the +4 hand axe of Bodily Humours {flame, *Noise
                  | rF+++ rC+++ Str-2}
 18538 | Zig:11   | Identified the staff of the Hierophant {rF- Conj Ice Air
                  | Earth}
 18542 | Zig:12   | Entered Level 12 of a ziggurat
 18550 | Zig:12   | Found the macabre finger necklace {Finger+ rN+}
 18562 | Zig:12   | Identified the +0 shortbow "Faiquha" {freeze, rC++}
 18569 | Zig:12   | Identified the staff of the Toadstool {rPois Int+6 Tloc
                  | Alchemy}
 18573 | Zig:12   | Got the Disquisition on the Glacial Swarm
 18575 | Zig:13   | Entered Level 13 of a ziggurat
 18587 | Zig:13   | Found the amulet of Vitality {RegenMP++ Regen++}
 18605 | Zig:13   | Identified the amulet "Zuck" {Acrobat rPois rN+ Str-4}
 18610 | Zig:13   | Identified the amulet of the Transmuting Gods {Faith rF-
                  | rCorr Str-3 Int+6}
 18619 | Zig:13   | Got the Omnibus of Vexing Apparitions
 18619 | Zig:13   | Got Sif Muna's Tome of the Tempest
 18621 | Zig:14   | Entered Level 14 of a ziggurat
 18631 | Zig:14   | Reached skill level 15 in Fire Magic
 18639 | Zig:14   | Identified the +0 pair of boots of the Sharp Stag {rC+
                  | Dex+3 Stlth-}
 18640 | Zig:14   | Identified the ring of Utekap {rF+ Int+5 Dex-3}
 18645 | Zig:14   | Identified the +0 robe of the Guava {+Inv rN+}
 18650 | Zig:14   | Got the Discourse on Hindering Accomplices
 18657 | Zig:15   | Entered Level 15 of a ziggurat
 18667 | Zig:15   | Reached skill level 10 in Unarmed Combat
 18685 | Zig:15   | Identified the ring "Litteoph" {Fire rPois Str+4}
 18688 | Zig:15   | Identified the ring of the Suburbs {rF+ Str+5}
 18689 | Zig:15   | Got the Atlas of the Mpinguari
 18694 | Zig:16   | Entered Level 16 of a ziggurat
 18700 | Zig:16   | Noticed a dread lich
 18702 | Zig:16   | Noticed a dread lich
 18705 | Zig:16   | Killed a dread lich
 18705 | Zig:16   | Killed a dread lich
 18706 | Zig:16   | Reached skill level 15 in Unarmed Combat
 18713 | Zig:16   | Identified the ring "Jian" {rPois rF+ rC+ Str-5}
 18717 | Zig:16   | Identified the ring of Pessimism {rN+ rCorr}
 18725 | Zig:17   | Entered Level 17 of a ziggurat
 18730 | Zig:17   | Noticed an ancient lich
 18730 | Zig:17   | Noticed a dread lich
 18731 | Zig:17   | Noticed a dread lich
 18732 | Zig:17   | Noticed an ancient lich
 18735 | Zig:17   | Noticed a dread lich
 18736 | Zig:17   | Killed an ancient lich
 18736 | Zig:17   | Noticed an ancient lich
 18740 | Zig:17   | Killed a dread lich
 18740 | Zig:17   | Noticed a dread lich
 18741 | Zig:17   | Killed a dread lich
 18741 | Zig:17   | Killed an ancient lich
 18746 | Zig:17   | Killed a dread lich
 18747 | Zig:17   | Reached skill level 15 in Fighting
 18747 | Zig:17   | Killed an ancient lich
 18773 | Zig:17   | Identified the amulet of the Hippogriff {Reflect rF+ rN+
                  | SH+5}
 18778 | Zig:17   | Identified the staff of Puckish Courage {Fly rPois Int+5
                  | Dex+3 Alchemy}
 18836 | Hell     | Entered the Vestibule of Hell
 18836 | Hell     | Noticed Geryon
 18842 | Hell     | Killed Geryon
 18851 | Hell     | Found a gateway to the freezing wastes of Cocytus.
 18853 | Hell     | Reached skill level 22 in Spellcasting
 18861 | Coc:1    | Entered Level 1 of Cocytus
 18865 | Coc:1    | Noticed a dread lich
 18873 | Coc:1    | Killed a dread lich
 18954 | Coc:3    | You fall into a shaft and drop 3 floors!
 18964 | Coc:7    | Entered Level 7 of Cocytus
 18977 | Coc:7    | Gained mutation: You are clumsy. (Dex -2) [mutagenic glow]
 18983 | Coc:7    | Paralysed by a wendigo for 1 turns
 18989 | Coc:7    | Gained mutation: You sometimes lose your temper in combat.
                  | [mutagenic glow]
 18992 | Coc:7    | Paralysed by a wendigo for 1 turns
 19001 | Coc:7    | Reached skill level 15 in Evocations
 19027 | Coc:7    | Noticed Antaeus
 19106 | Coc:7    | Got an icy rune of Zot
 19149 | Hell     | Found a gateway to the decaying netherworld of Tartarus.
 19157 | Tar:1    | Entered Level 1 of Tartarus
 19186 | Tar:2    | Lost mutation: You are strong-willed. (Will+) [potion of
                  | mutation]
 19186 | Tar:2    | Lost mutation: You have sharp toenails. [potion of
                  | mutation]
 19186 | Tar:2    | Lost mutation: Your body often deteriorates upon taking
                  | damage. [potion of mutation]
 19186 | Tar:2    | Gained mutation: You expend magic power (3 MP) to
                  | strengthen your wands. [potion of mutation]
 19187 | Tar:2    | Lost mutation: You are clumsy. (Dex -2) [potion of
                  | mutation]
 19187 | Tar:2    | Lost mutation: Your body sometimes deteriorates upon taking
                  | damage. [potion of mutation]
 19187 | Tar:2    | Lost mutation: Your health recovers twice as slowly from
                  | being drained. [potion of mutation]
 19187 | Tar:2    | Gained mutation: Potions are less effective at restoring
                  | your health. [potion of mutation]
 19188 | Tar:2    | Lost mutation: You are vulnerable to cold. (rC-) [potion of
                  | mutation]
 19188 | Tar:2    | Lost mutation: You expend magic power (3 MP) to strengthen
                  | your wands. [potion of mutation]
 19188 | Tar:2    | Gained mutation: You are frail. (-10% HP) [potion of
                  | mutation]
 19189 | Tar:2    | Lost mutation: You sometimes lose your temper in combat.
                  | [potion of mutation]
 19189 | Tar:2    | Lost mutation: You are frail. (-10% HP) [potion of
                  | mutation]
 19189 | Tar:2    | Lost mutation: Potions are less effective at restoring your
                  | health. [potion of mutation]
 19189 | Tar:2    | Gained mutation: You have a pair of small antennae on your
                  | head. [potion of mutation]
 19308 | Tar:3    | Noticed a dread lich
 19310 | Tar:3    | Killed a dread lich
 19407 | Tar:7    | Entered Level 7 of Tartarus
 19473 | Tar:7    | Reached skill level 15 in Invocations
 19478 | Tar:7    | Noticed a dread lich
 19481 | Tar:7    | Killed a dread lich
 19516 | Tar:7    | Reached skill level 23 in Spellcasting
 19570 | Tar:7    | Noticed Ereshkigal
 19572 | Tar:7    | Noticed a dread lich
 19573 | Tar:7    | Paralysed by a dread lich for 3 turns
 19580 | Tar:7    | Got a bone rune of Zot
 19610 | Hell     | Found a gateway to the ashen valley of Gehenna.
 19634 | Geh:1    | Entered Level 1 of Gehenna
 19720 | Geh:3    | Noticed a dread lich
 19720 | Geh:3    | Noticed a dread lich
 19720 | Geh:3    | Noticed a dread lich
 19720 | Geh:3    | Noticed a dread lich
 19722 | Geh:3    | Paralysed by a dread lich for 5 turns
 19728 | Geh:3    | Killed a dread lich
 19728 | Geh:3    | Killed a dread lich
 19728 | Geh:3    | Killed a dread lich
 19728 | Geh:3    | Killed a dread lich
 19729 | Geh:3    | Reached skill level 24 in Spellcasting
 19903 | Geh:7    | Entered Level 7 of Gehenna
 20037 | Geh:7    | Identified the +1 shortbow of Ru, Devouring {freeze, rPois
                  | Stlth+}
 20045 | Geh:7    | Found the +13 sceptre of Asmodeus
 20045 | Geh:7    | Noticed Asmodeus
 20047 | Geh:7    | Got an obsidian rune of Zot
 20142 | Hell     | Found a gateway to the Iron City of Dis.
 20149 | Dis:1    | Entered Level 1 of the Iron City of Dis
 20277 | Dis:2    | Reached skill level 25 in Spellcasting
 20416 | Dis:5    | Noticed a juggernaut
 20418 | Dis:5    | Noticed a dread lich
 20419 | Dis:5    | Killed a juggernaut
 20437 | Dis:5    | Reached skill level 26 in Spellcasting
 20447 | Dis:5    | Killed a dread lich
 20505 | Dis:7    | Entered Level 7 of the Iron City of Dis
 20628 | Dis:7    | Noticed the Serpent of Hell
 20629 | Dis:7    | Noticed Dispater
 20634 | Dis:7    | Got an iron rune of Zot
 20956 | Tomb:1   | Entered Level 1 of the Tomb of the Ancients
 21002 | Tomb:1   | Noticed a royal mummy
 21006 | Tomb:1   | Killed a royal mummy
 21039 | Tomb:1   | Identified 2 scrolls of acquirement
 21042 | Tomb:1   | Acquired 760 gold pieces
 21043 | Tomb:1   | Acquired 1220 gold pieces
 21109 | Tomb:2   | Noticed a royal mummy
 21111 | Tomb:2   | Noticed a royal mummy
 21111 | Tomb:2   | Noticed a royal mummy
 21111 | Tomb:2   | Noticed a royal mummy
 21115 | Tomb:2   | Killed a royal mummy
 21126 | Tomb:2   | Killed a royal mummy
 21127 | Tomb:2   | Killed a royal mummy
 21128 | Tomb:2   | Reached skill level 27 in Spellcasting
 21130 | Tomb:2   | Killed a royal mummy
 21169 | Tomb:3   | Entered Level 3 of the Tomb of the Ancients
 21178 | Tomb:3   | Noticed a royal mummy
 21182 | Tomb:3   | Noticed a royal mummy
 21184 | Tomb:3   | Noticed a royal mummy
 21185 | Tomb:3   | Killed a royal mummy
 21187 | Tomb:3   | Killed a royal mummy
 21191 | Tomb:3   | Killed a royal mummy
 21193 | Tomb:3   | Noticed a royal mummy
 21197 | Tomb:3   | Killed a royal mummy
 21244 | Tomb:3   | Noticed a royal mummy
 21248 | Tomb:3   | Noticed a royal mummy
 21249 | Tomb:3   | Killed a royal mummy
 21251 | Tomb:3   | Noticed a royal mummy
 21252 | Tomb:3   | Noticed Khufu
 21253 | Tomb:3   | Killed a royal mummy
 21254 | Tomb:3   | Killed a royal mummy
 21257 | Tomb:3   | Killed Khufu
 21283 | Tomb:3   | Got a sanguine gem with 1051 turns to spare
 21292 | Tomb:3   | Got a golden rune of Zot
 21315 | Tomb:3   | Noticed a royal mummy
 21320 | Tomb:3   | Killed a royal mummy
 21337 | Tomb:3   | Found the +7 great mace "Firestarter" {flame, immolate,
                  | rFlCloud rF++}
 21663 | Zot:1    | Entered Level 1 of the Realm of Zot
 21696 | Zot:1    | Reached skill level 15 in Shields
 21697 | Zot:1    | Identified the +11 great mace of Dithmenos's Wrath {pain,
                  | rC+ Str+5}
 21770 | Zot:2    | Noticed Parghit
 21781 | Zot:2    | Killed Parghit
 21789 | Zot:2    | Noticed Jofris Vesimp's ghost (legendary GnFE)
 21814 | Zot:2    | Reached skill level 15 in Stealth
 21855 | Zot:2    | Found a transporter.
 21884 | Zot:2    | Found a transporter.
 21994 | Zot:3    | Identified the orb "Funwuu" {mayhem, Int+3 Hexes}
 21997 | Zot:3    | Identified the +0 robe of Tahashu {Dex+3}
 22017 | Zot:3    | Acquired 735 gold pieces
 22319 | Zot:5    | Entered Level 5 of the Realm of Zot
 22319 | Zot:5    | Noticed an orb of fire
 22319 | Zot:5    | Noticed an orb of fire
 22319 | Zot:5    | Noticed an orb of fire
 22319 | Zot:5    | Noticed an orb of fire
 22323 | Zot:5    | Gained mutation: You have hidden genetic defects. [an orb
                  | of fire]
 22323 | Zot:5    | Gained mutation: Your magical capacity is low. (-10% MP)
                  | [an orb of fire]
 22323 | Zot:5    | Gained mutation: You do not regenerate when monsters are
                  | visible. [an orb of fire]
 22324 | Zot:5    | Killed an orb of fire
 22324 | Zot:5    | Killed an orb of fire
 22324 | Zot:5    | Killed an orb of fire
 22324 | Zot:5    | Killed an orb of fire
 22329 | Zot:5    | Found a runed translucent gate.
 22329 | Zot:5    | Noticed Juzit's ghost (legendary GnFi)
 22330 | Zot:5    | Found a runed translucent gate.
 22333 | Zot:5    | Found a runed translucent gate.
 22396 | Zot:5    | Lost mutation: You have hidden genetic defects. [potion of
                  | mutation]
 22396 | Zot:5    | Lost mutation: You do not regenerate when monsters are
                  | visible. [potion of mutation]
 22396 | Zot:5    | Lost mutation: Your magical capacity is low. (-10% MP)
                  | [potion of mutation]
 22396 | Zot:5    | Gained mutation: Your flesh is heat resistant. (rF+)
                  | [potion of mutation]
 22396 | Zot:5    | Lost mutation: You have a pair of small antennae on your
                  | head. [potion of mutation]
 22402 | Zot:5    | Noticed an orb of fire
 22403 | Zot:5    | Gained mutation: You occasionally shout uncontrollably at
                  | your foes. [an orb of fire]
 22408 | Zot:5    | Gained mutation: You have a somewhat thin skeletal
                  | structure. (Dex +2, Stealth+) [an orb of fire]
 22409 | Zot:5    | Gained mutation: Your spells are a little easier to cast,
                  | but a little less powerful. [an orb of fire]
 22412 | Zot:5    | Killed an orb of fire
 22425 | Zot:5    | Noticed an ancient lich
 22428 | Zot:5    | Noticed an orb of fire
 22429 | Zot:5    | Killed an ancient lich
 22430 | Zot:5    | Noticed an orb of fire
 22430 | Zot:5    | Noticed an orb of fire
 22431 | Zot:5    | Noticed an orb of fire
 22431 | Zot:5    | Noticed a dread lich
 22432 | Zot:5    | Killed an orb of fire
 22434 | Zot:5    | Got the Orb of Zot
 22434 | Zot:5    | Gained mutation: You sometimes lose your temper in combat.
                  | [an orb of fire]
 22435 | Zot:5    | Noticed an ancient lich
 22725 | D:5      | Noticed Edmund
 22728 | D:5      | Killed Edmund
 22776 | D:$      | Escaped with the Orb!

Illustrated notes

Levels and vault maps discovered:
D:1:      noname_arrival_rooms_in_the_neighbourhood, layout_basic,
          serial_forest, infiniplex_forest_clump_medium,
          infiniplex_forest_lined_2, infiniplex_forest_corner_2,
          infiniplex_forest_zigzag_2, infiniplex_forest_corner_1,
          infiniplex_forest_end_2, infiniplex_forest_straight_1
D:2:      layout_loops_cross, serial_shops, shop, uniq_jessica
D:3:      layout_loops_cross, mainiacjoe_overflow_alcove_4, serial_shops, shop,
          shop, nicolae_shop_advertising_works [nicolae_subvault_shop_adworks],
          nicolae_shop_pleasant_corner_grove, nicolae_kite_square_tiling_tiny,
          uniq_grinder
D:4:      layout_loops_ring, uniq_eustachio
D:5:      layout_basic, nicolae_qazlal_eye_of_the_storm,
          minmay_temple_entry_nine_rooms, serial_shops, shop, uniq_pikel,
          uniq_blork_the_orc, uniq_edmund, uniq_ijyb
D:6:      wad_guarded_room, layout_rooms, tgw_fedhas, lemuel_crystal_altar,
          worldfamousw_hep_ancestral_shrine
D:7:      minmay_chambers_of_sixes, layout_basic, lemuel_crystal_altar,
          serial_shops, shop, centaur_isle
D:8:      layout_loops_ring, lemuel_crystal_altar, nicolae_ru_awakened_eye,
          erik_lair_island, minmay_misc_feat_roman,
          nicolae_straight_to_the_point, uniq_joseph
D:9:      minmay_inner_zag, layout_loops_ring, nicolae_overflow_crystal_walls,
          minmay_orc_entry_temple_small, special_room [special_room_orc],
          serial_glass, glass_columns_c, glass_columns_a, glass_columns_a,
          nicolae_diode_quadrants
D:10:     layout_irregular_city, mainiacjoe_overflow_alcove_2,
          mainiacjoe_overflow_swirl, nicolae_figureground_pulse
D:11:     layout_grid_maze, portal_ice_cave_rime, zin_academy, uniq_snorg,
          uniq_psyche
D:12:     layout_loops_ring, minmay_more_statues
D:13:     layout_layer_cave, kennysheep_minor_cross, nicolae_shop_clearance,
          uniq_rupert, uniq_urug
D:14:     layout_long_grid, david_vaults_2, ebering_ghost_inner_flame,
          amcnicky_mini_pool_small
D:15:     grunt_enter_depths_giant_problem, layout_basic, minivault_4,
          minmay_fire_ice_demons
Temple:   cyrus_temple_forest
Lair:1:   layout_layer_cave, enter_volcano_4
Lair:2:   layout_chaotic_city, lemuel_fruit_fields, grunt_megastairs_5
Lair:3:   layout_regular_city, palyth_hydra_swamp_entry,
          nicolae_spider_entry_orb_guardian, nzn_random_ring
Lair:4:   layout_loops_ring, serial_bayou_shore_a
Lair:5:   minmay_lair_end_frog_pond, layout_loops_ring, slime_entry_2,
          cheibrodos_lair_lostbears
Swamp:1:  nicolae_swamp_wrong_neighborhood, layout_basic_swamp,
          hangedman_swamp_lotus, swamp_pool_3
Swamp:2:  layout_basic_swamp, evilmike_swamp_ruin_rubble_2, swamp_pool_1_2,
          infiniplex_staircase_pool_2, uniq_roxanne
Swamp:3:  layout_basic_swamp, evilmike_swamp_ruin_house_3, swamp_pool_1_2,
          nicolae_swamp_tree_isthmus, nicolae_swamp_decorative_isthmus,
          uniq_donald
Swamp:4:  swamp_pestilence, layout_basic_swamp
Spider:1: layout_spider_delve, nicolae_spider_nook, uniq_aizul, uniq_kirke
Spider:2: layout_cave_pods, hangedman_spider_tarantella_strand
Spider:3: layout_spider_delve, drop_trap
Spider:4: hellmonk_spider_rune_bug_friends, uniq_arachne
Slime:1:  layout_caves, cheibrodos_slime_lost_civilization_5
Slime:2:  layout_caves
Slime:3:  layout_caves, nicolae_slime_rock_hall_of_fame
Slime:4:  layout_caves
Slime:5:  slime_pit
Orc:1:    layout_caves, serial_shops, nicolae_shop_tiny_real_fake_doors,
          nicolae_shop_bloodbath_and_beyond, nicolae_shop_crystal, shop,
          nooodl_orcs_dogs
Orc:2:    grunt_orc_gardens, layout_caves, grunt_orc_garden, grunt_orc_garden,
          grunt_orc_garden, grunt_orc_garden, basic_altar, serial_shops,
          nicolae_shop_window_shopping, nicolae_lakefront_shop,
          nicolae_shop_just_a_little_nook, shop, nicolae_diamond_shop,
          nicolae_orc_crystal_seam, hangedman_feature_mirror
Elf:1:    minmay_elf_arrival_summoners, layout_geoelf_diagonals,
          portal_desolation_entry_salt, basic_altar, minmay_elf_sorcery,
          nicolae_elf_stone_circles
Elf:2:    nicolae_elf_blades_crystal_corner, layout_gridlike, minivault_14,
          uniq_jorgrun, uniq_zenata
Elf:3:    minmay_elf_hall_not_hex, layout_loops_cross, fountainhead,
          dk_noncrumbling_2, lemuel_flamethrower_2
Vaults:1: v_rooms_3, vaults_room_pools, v_alt_pattern_3,
          vaults_room_ringed_pool, nicolae_vaults_weapon_check,
          nicolae_vaults_surprise_closet, v_rooms_5, vaults_room_pool,
          vaults_dpeg_emergency_exit, vaults_room_grunt_arrival_ludios,
          door_vault, layout_vaults_quadrants, serial_shops,
          nicolae_shop_behind_doors
Vaults:2: vaults_room_fours, nicolae_vaults_offset_grid_hallway_1,
          nicolae_vaults_closet_pinwheel_6, door_vault, hangedman_vaults_cutoff,
          nicolae_vaults_circle_grid_b, minmay_crypt_entry_simple_box,
          grunt_vaults_twisty, v_pattern_1, nicolae_vaults_stepped_doors,
          vaults_room_pool, ontoclasm_vaults_pinch, layout_vaults_ring,
          uniq_margery
Vaults:3: nicolae_vaults_twisting_passages, hangedman_vaults_variations,
          hangedman_vaults_stitches, nicolae_vaults_tangram_1, v_rooms_5,
          nicolae_vaults_trapezoid_3, vaults_room_grid, hangedman_vaults_nodes,
          nicolae_vaults_octothorpe, vaults_dpeg_doors, v_pattern_3,
          layout_vaults_omnibox, uniq_asterion, uniq_jory
Vaults:4: gammafunk_ghost_tricky_traps, nicolae_vaults_tetromino_L_1,
          nicolae_vaults_more_shelving_2, nicolae_vaults_closet_pinwheel_1,
          nicolae_vaults_network_barrier, grunt_vaults_swirl,
          nicolae_vaults_prndl, nicolae_vaults_tetromino_T_1,
          nicolae_vaults_trapezoid_lopsided_1, v_misc_14, layout_vaults_big_room
Vaults:5: serial_shops
Crypt:1:  layout_gridlike, st_stairs_8, roadster_capsule_ark_zombie,
          grunt_megastairs_1
Crypt:2:  layout_rooms, minmay_misc_feat_ornament, glass_columns_a
Crypt:3:  quadcrypt_mu
Tomb:1
Tomb:2
Tomb:3
Depths:1: layout_basic, hell_entry, st_stairs_1, water_boxes_lemuel,
          nicolae_integral_box
Depths:2: minmay_split_circle, layout_gridlike, enter_ziggurat_e, serial_shops,
          statue_bzr, rand_demon_pan_entry_5, reono_crystal_passage, hell_entry,
          abyss_entry_flame_altar, xom_confusion_cloud,
          infiniplex_staircase_zigzag_5
Depths:3: evilmike_marble_ring, layout_cave_shapes, pf_hell_entry_tar_spiral,
          grunt_pan_entry_zigzag, abyss_entry, nemelex_lonely_heart_becter,
          hangedman_decor_opposing
Depths:4: grunt_zot_entry_tricorne, layout_gridville, grunt_metal_band,
          argonaut_fire_from_heaven
Hell
Dis:1:    layout_subdivisions
Dis:2:    layout_subdivisions, nicolae_hells_fiendish_ambush
Dis:3:    hangedman_dis_decor_blocks_mantle, layout_gridville
Dis:4:    nicolae_dis_heavy_security, layout_regular_city
Dis:5:    layout_subdivisions, nicolae_dis_step_into_the_octagon
Dis:6:    layout_gridville
Dis:7:    iron_city_of_dis [dis_old, dis_wall_2], layout_gridville
Geh:1:    layout_gehenna_pools_basic
Geh:2:    layout_gehenna_lava_caves
Geh:3:    layout_gehenna_pools_box, nicolae_geh_liches_on_tour
Geh:4:    layout_gehenna_pools_basic
Geh:5:    layout_gehenna_pools_triple, nicolae_geh_amphitheater
Geh:6:    layout_gehenna_lava_caves
Geh:7:    geh_grunt
Coc:1:    layout_ice_bergs, nicolae_hells_hurtin_island
Coc:2:    layout_cocytus_water_paths
Coc:3:    layout_cocytus_delve
Coc:6:    layout_cocytus_water_paths
Coc:7:    coc_hangedman
Tar:1:    layout_honeycomb
Tar:2:    layout_honeycomb
Tar:3:    layout_grid_maze, nicolae_tar_cuneiform_heaven,
          nicolae_tar_cuneiform_oil
Tar:4:    layout_cathedral_of_symmetry
Tar:5:    layout_catacombs, nicolae_tar_cuneiform_bird
Tar:6:    layout_grid_maze
Tar:7:    tar_grunt_cathedral
Zot:1:    layout_twisted_circle, nrook_zot_tub, regret_index_zotdec_banners
Zot:2:    layout_twisted_circle, gammafunk_ghost_arena,
          regret_index_zotdec_iron_s, uniq_parghit
Zot:3:    hangedman_orp_of_zott, layout_onion
Zot:4:    lemuel_acid_trip, layout_onion_interference,
          hangedman_zot_wheel_spokes
Zot:5:    layout_cathedral_of_symmetry, gammafunk_ghost_necromancy,
          regret_index_zotdec_stipple_waver, lemuel_baited_zot_trap,
          lemuel_lake_of_fire

Skill      XL: |  1  2  3  4  5  6  7  8  9 10 11 12 13 14 15 16 17 18 19 20 21 22 23 24 25 26 27 |
---------------+----------------------------------------------------------------------------------+-----
Earth Magic    | 4 5 7 |  7.0
Spellcasting   | 3 4 6 9 10 12 13 16 17 18 20 27 | 27.0
Conjurations   | 3 4 5 |  5.0
Evocations     | 1 2 3 4 5 6 10 15 | 15.0
Ice Magic      | 4 5 9 13 14 15 19 22 | 22.0
Fighting       | 4 6 8 10 12 13 21 | 21.4
Dodging        | 4 6 8 10 13 15 16 21 | 21.4
Invocations    | 4 6 7 9 10 13 14 15 | 15.0
Necromancy     | 4 5 6 7 |  7.0
Air Magic      | 3 |  3.0
Alchemy        | 2 5 |  5.0
Translocations | 3 6 |  6.0
Shapeshifting  | 4 12 15 16 | 16.0
Unarmed Combat | 2 6 9 15 | 15.0
Stealth        | 3 10 17 | 17.3
Shields        | 10 12 17 | 17.0
Fire Magic     | 16 | 16.4

Action                     |  1- 3 |  4- 6 |  7- 9 | 10-12 | 13-15 | 16-18 | 19-21 | 22-24 | 25-27 || total
---------------------------+-------+-------+-------+-------+-------+-------+-------+-------+-------++-------
  Melee: Unarmed           |     1 |       |       |       |       |       |    29 |     6 |    15 ||    51
         Dagger            |     2 |     1 |     1 |       |       |       |       |       |       ||     4
         Staff             |       |       |     6 |     1 |     1 |     4 |    22 |    12 |    42 ||    88
         Halberd           |       |       |    21 |    17 |     8 |     3 |       |       |       ||    49
         Falchion          |       |       |       |     2 |       |       |       |       |       ||     2
         Glaive            |       |       |       |       |     2 |       |       |       |       ||     2
         Kick              |       |       |       |       |       |       |    13 |    12 |    26 ||    51
         Punch             |       |       |       |       |       |       |     1 |     2 |       ||     3
   Fire: Orcbow            |       |       |       |    11 |       |       |       |       |       ||    11
  Throw: Dart              |       |       |       |     9 |     1 |     1 |     2 |       |       ||    13
         Boomerang         |       |       |       |     1 |     1 |     1 |       |       |       ||     3
   Cast: Sandblast         |    40 |    52 |    64 |   136 |    30 |       |       |       |       ||   322
         Passwall          |       |     6 |     1 |    27 |    17 |    17 |    26 |    23 |    96 ||   213
         Stone Arrow       |       |     5 |    28 |    95 |    51 |    24 |     1 |     3 |       ||   207
         Frozen Ramparts   |       |       |    15 |    40 |     6 |       |       |       |       ||    61
         Brom's Barrelling |       |       |       |     8 |     3 |       |     2 |       |       ||    13
         Freezing Cloud    |       |       |       |    12 |    34 |    16 |       |       |       ||    62
         Sublimation of Bl |       |       |       |     5 |    81 |   164 |     8 |       |       ||   258
         Ozocubu's Refrige |       |       |       |       |   150 |   246 |   208 |    65 |   113 ||   782
         Sculpt Simulacrum |       |       |       |       |     7 |    37 |    19 |     6 |     9 ||    78
         Apportation       |       |       |       |       |     1 |    95 |    62 |    61 |   125 ||   344
         Borgnjor's Vile C |       |       |       |       |       |    88 |    70 |    11 |     6 ||   175
         Passage of Golubr |       |       |       |       |       |   239 |   166 |   153 |   644 ||  1202
         Dispel Undead     |       |       |       |       |       |    28 |     5 |    12 |       ||    45
         Animate Dead      |       |       |       |       |       |     9 |    18 |     4 |       ||    31
         Irradiate         |       |       |       |       |       |       |     7 |     6 |    16 ||    29
         Polar Vortex      |       |       |       |       |       |       |       |   119 |   434 ||   553
         Bombard           |       |       |       |       |       |       |       |     3 |    61 ||    64
         Ignition          |       |       |       |       |       |       |       |       |    65 ||    65
 Invoke: Slouch            |       |       |       |     2 |     3 |     5 |     8 |     5 |    35 ||    58
         Temporal Distorti |       |       |       |       |     1 |       |     2 |     2 |     4 ||     9
         Step From Time    |       |       |       |       |       |       |     4 |       |     2 ||     6
  Evoke: Wand              |       |     6 |    22 |    20 |    33 |    31 |    28 |     4 |    55 ||   199
         Phial of floods   |       |       |       |       |     1 |       |     1 |       |       ||     2
         Lightning rod     |       |       |       |       |       |    10 |     5 |     4 |     2 ||    21
         Phantom mirror    |       |       |       |       |       |       |       |     1 |     2 ||     3
         Horn of Geryon    |       |       |       |       |       |       |       |       |     2 ||     2
    Use: Scroll            |       |     5 |     1 |    14 |    10 |    17 |    11 |     2 |    49 ||   109
         Potion            |       |     1 |     1 |     4 |     5 |    12 |    13 |     1 |    31 ||    68
   Stab: Sleeping          |       |       |     1 |     1 |       |       |       |       |       ||     2
         Paralysed         |       |       |    11 |     1 |     7 |       |       |       |       ||    19
         Distracted        |       |       |       |       |       |       |     2 |       |     1 ||     3
 Armour: Robe              |    12 |    22 |    59 |    45 |    84 |   323 |    18 |       |       ||   563
         Steam dragon scal |       |       |       |    48 |       |       |       |       |       ||    48
         Leather armour    |       |       |       |    15 |       |       |       |       |       ||    15
         Skin              |       |       |       |       |       |       |   419 |   401 |  1079 ||  1899
  Dodge: Dodged            |    11 |    15 |    35 |   156 |   107 |   447 |   691 |  1302 |  2893 ||  5657
  Block: Other             |       |       |       |       |       |       |    30 |   128 |    10 ||   168
         Kite shield       |       |       |       |       |       |       |       |       |  1356 ||  1356
         Buckler           |       |       |       |       |       |       |       |       |    59 ||    59
   Form: Statue            |       |       |       |       |       |       |     1 |       |       ||     1
